 Dungeon Crawl Stone Soup version 0.30-a0-476-g330ca2eb8e (webtiles) character file.

Game seed: 259141088033718323

1659428 MackTheKnife the Conqueror (level 27, 323/323 HPs)
             Began as an Ogre Gladiator on Dec 19, 2022.
             Was a High Priest of Okawaru.
             Escaped with the Orb
             ... and 3 runes on Dec 21, 2022!
             The game lasted 02:16:56 (71220 turns).

MackTheKnife the Conqueror (Ogre Gladiator)        Turns: 71220, Time: 02:16:57

Health: 323/323    AC: 42    Str: 32    XL:     27
Magic:  34/34      EV:  7    Int:  5    God:    Okawaru [*****.]
Gold:   3284       SH: 34    Dex: 14    Spells: 26/26 levels left

rFire   + + .      SeeInvis +    Q - +4 broad axe of the Poles {vamp, MP-9 Str+4, axe}
rCold   + . .      Faith    .    f - +10 tower shield of Ignorance {rN+ Int-4}
rNeg    + + .      Spirit   .    Z - +12 gold dragon scales {rare}
rPois   +          Reflect  .    I - +2 hat of Weemexen {rElec rPois rN+ Slay+5}
rElec   +          Harm     .    W - +4 dragonskin cloak
rCorr   .          Rampage  .    (gloves unavailable)
Will    ++++.                    (boots unavailable)
Stlth   ..........               r - amulet of Eternity {Drain rF+ Regen+ MP+9}
HPRegen 1.53/turn                d - ring of Ru's Hope {Wiz Contam rPois Will++ SInv}
MPRegen 0.24/turn                j - ring of Shadows {Umbra +Inv Stlth+}

@: wreathed by umbra, studying 2 skills
A: large, unfitting armour, tough skin 1, horns 1, talons 1, clumsy 2, wild
magic 1
0: Orb of Zot
}: 3/15 runes: barnacled, silver, gossamer
a: Renounce Religion, Evoke Invisibility, Heroism, Finesse, Duel


You escaped.
You worshipped Okawaru.
Okawaru was extremely pleased with you.
You visited 10 branches of the dungeon, and saw 48 of its levels.
You visited the Abyss 1 time.
You visited 1 ziggurat, and saw 6 of its levels.
You also visited: Trove, Bailey and Ice Cave.

You collected 7598 gold pieces.
You spent 4314 gold pieces at shops.


Innate Abilities, Weirdness & Mutations

You are too large for most types of armour.
You have tough skin. (AC +1)
You have a pair of small horns on your head.
You have sharp toenails.
You are very clumsy. (Dex -4)
Your spells are a little harder to cast, but a little more powerful.


   Skills:
 O Level 27 Fighting
 - Level 10.4(18.2) Axes
 - Level 21.7(22.3) Maces & Flails
 - Level 11.5 Throwing
 - Level 18.0 Armour
 - Level 5.7 Dodging
 + Level 26.3 Shields
 - Level 14.8 Invocations
 - Level 7.0 Evocations


You had 26 spell levels left.
You didn't know any spells.
Your spell library contained the following spells:

 Spells                   Type           Power      Damage    Failure   Level
 Apportation              Tloc           0%         N/A       93%         1
 Beastly Appendage        Tmut           0%         N/A       93%         1
 Foxfire                  Conj/Fire      0%         2x1d4     93%         1
 Freeze                   Ice            0%         1d3       93%         1
 Kiss of Death            Conj/Necr      0%         2d5       93%         1
 Magic Dart               Conj           0%         1d3       93%         1
 Necrotise                Necr           0%         1d4       93%         1
 Shock                    Conj/Air       0%         1d3       93%         1
 Sting                    Tmut/Pois      0%         1d3       93%         1
 Blink                    Tloc           0%         N/A       98%         2
 Cigotuvi's Dreadful Rot  Necr/Pois/Air  0%         N/A       98%         2
 Ensorcelled Hibernation  Hex/Ice        0%         N/A       98%         2
 Momentum Strike          Conj/Tloc      0%         3d8       98%         2
 Passwall                 Tmut/Erth      0%         N/A       98%         2
 Poisonous Vapours        Pois/Air       0%         N/A       98%         2
 Searing Ray              Conj           0%         2d4       98%         2
 Sublimation of Blood     Necr           0%         N/A       98%         2
 Wereblood                Tmut           0%         N/A       98%         2
 Dazzling Flash           Conj/Hex       0%         N/A       99%         3
 Frozen Ramparts          Ice            0%         1d1       99%         3
 Gell's Gravitas          Tloc           0%         N/A       99%         3
 Hailstorm                Conj/Ice       0%         3d3       99%         3
 Ignite Poison            Fire/Tmut/Pois 0%         N/A       99%         3
 Inner Flame              Hex/Fire       0%         N/A       99%         3
 Kindle Blastsparks       Fire/Tloc/Air  0%         2d10      99%         3
 Lesser Beckoning         Tloc           0%         N/A       99%         3
 Mephitic Cloud           Conj/Pois/Air  0%         N/A       99%         3
 Ozocubu's Armour         Ice            0%         N/A       99%         3
 Portal Projectile        Hex/Tloc       0%         N/A       99%         3
 Spider Form              Tmut/Pois      0%         N/A       99%         3
 Stone Arrow              Conj/Erth      0%         3d7       99%         3
 Swiftness                Air            0%         N/A       99%         3
 Teleport Other           Tloc           0%         N/A       99%         3
 Vhi's Electric Charge    Tloc/Air       0%         N/A       99%         3
 Airstrike                Air            0%         2d(0-16)  100%        4
 Anguish                  Hex/Necr       0%         N/A       100%        4
 Cause Fear               Hex            0%         N/A       100%        4
 Flame Wave               Conj/Fire      0%         2d4       100%        4
 Fulminant Prism          Conj/Hex       0%         3d5       100%        4
 Ice Form                 Ice/Tmut       0%         N/A       100%        4
 Iskenderun's Mystic Bla  Conj/Tloc      0%         2d3       100%        4
 Manifold Assault         Tloc           0%         N/A       100%        4
 Olgreb's Toxic Radiance  Pois           0%         N/A       100%        4
 Passage of Golubria      Tloc           0%         N/A       100%        4
 Petrify                  Tmut/Erth      0%         N/A       100%        4
 Sticky Flame             Conj/Fire      0%         2d3       100%        4
 Agony                    Necr           0%         N/A       100%        5
 Alistair's Intoxication  Tmut/Pois      0%         N/A       100%        5
 Arcjolt                  Conj/Air       0%         1d10      100%        5
 Blade Hands              Tmut           0%         N/A       100%        5
 Borgnjor's Vile Clutch   Necr/Erth      0%         N/A       100%        5
 Fireball                 Conj/Fire      0%         3d3       100%        5
 Freezing Cloud           Conj/Ice/Air   0%         6-21      100%        5
 Irradiate                Conj/Tmut      0%         3d11      100%        5
 Iskenderun's Battlesphe  Conj           0%         2d6       100%        5
 Metabolic Englaciation   Hex/Ice        0%         N/A       100%        5
 Silence                  Hex/Air        0%         N/A       100%        5
 Yara's Violent Unravell  Hex/Tmut       0%         3d3       100%        5
 Conjure Ball Lightning   Conj/Air       0%         3x3d6     100%        6
 Eringya's Noxious Bog    Tmut/Pois      0%         N/A       100%        6
 Iron Shot                Conj/Erth      0%         9d1       100%        6
 Statue Form              Tmut/Erth      0%         N/A       100%        6
 Dragon Form              Tmut           0%         N/A       100%        7
 Enfeeble                 Hex            0%         N/A       100%        7
 Orb of Destruction       Conj           0%         9d5       100%        7
 Ozocubu's Refrigeration  Ice            0%         4d7       100%        7
 Storm Form               Tmut/Air       0%         N/A       100%        7
 Discord                  Hex            0%         N/A       100%        8
 Disjunction              Tloc           0%         N/A       100%        8
 Ignition                 Fire           0%         3d3       100%        8
 Lehudib's Crystal Spear  Conj/Erth      0%         10d2      100%        8
 Maxwell's Capacitive Co  Air            0%         ∞         100%        8
 Chain Lightning          Conj/Air       0%         N/A       100%        9
 Fire Storm               Conj/Fire      0%         5d1       100%        9
 Shatter                  Erth           0%         3d5*      100%        9
 Summon Small Mammal      Summ           Unusable   N/A       N/A         1
 Summon Guardian Golem    Hex/Summ       Unusable   N/A       N/A         3
 Tukima's Dance           Hex            Unusable   N/A       N/A         3
 Animate Armour           Summ/Erth      Unusable   N/A       N/A         4
 Animate Dead             Necr           Unusable   N/A       N/A         4
 Summon Ice Beast         Ice/Summ       Unusable   N/A       N/A         4
 Summon Lightning Spire   Summ/Air       Unusable   N/A       N/A         4
 Summon Forest            Summ/Tloc      Unusable   N/A       N/A         5
 Summon Mana Viper        Hex/Summ       Unusable   N/A       N/A         5
 Death Channel            Necr           Unusable   N/A       N/A         6
 Simulacrum               Ice/Necr       Unusable   N/A       N/A         6
 Summon Cactus Giant      Summ           Unusable   N/A       N/A         6
 Haunt                    Necr/Summ      Unusable   N/A       N/A         7
 Malign Gateway           Summ/Tloc      Unusable   N/A       N/A         7
 Spellforged Servitor     Conj/Summ      Unusable   N/A       N/A         7
 Summon Hydra             Summ           Unusable   N/A       N/A         7
 Infestation              Necr           Unusable   N/A       N/A         8
 Summon Horrible Things   Summ           Unusable   N/A       N/A         8
 Dragon's Call            Summ           Unusable   N/A       N/A         9

Inventory:

Hand Weapons
 l - a +7 giant spiked club of freezing {mace}
   (You took it off an ogre on level 4 of the Dungeon)
 O - a +0 eveningstar {macerare=g}
   (You took it off Donald on level 3 of the Shoals)
 Q - the +4 broad axe of the Poles (weapon) {vamp, MP-9 Str+4, axe}
   (You found it in an ice cave)

   It occasionally heals its wielder for a portion of the damage dealt when it
   wounds a living foe.
   Str:       It affects your strength (+4).
   MP:        It affects your magic capacity (-9).
Missiles
 e - 67 large rocks (quivered) {=fthrowing}
 T - 5 atropa-tipped darts {throwing}
 U - 3 curare-tipped darts {=fthrowing}
Armour
 f - the +10 tower shield of Ignorance (worn) {rN+ Int-4}
   (You found it on level 3 of the Elven Halls)

   Int:       It affects your intelligence (-4).
   rN:        It protects you from negative energy.
 y - the +2 hat of the Swamp {+Inv rPois Regen+ Str-4}
   (You found it on level 3 of the Realm of Zot)

   Str:       It affects your strength (-4).
   rPois:     It protects you from poison.
   +Inv:      It lets you turn invisible.
   Regen:     It increases your rate of health regeneration.
 I - the +2 hat of Weemexen (worn) {rElec rPois rN+ Slay+5}
   (You found it on level 1 of the Vaults)

   Slay:      It affects your accuracy & damage with ranged weapons and melee
   (+5).
   rElec:     It insulates you from electricity.
   rPois:     It protects you from poison.
   rN:        It protects you from negative energy.
 W - the +4 dragonskin cloak (worn)
   (You took it off Tiamat on level 3 of the Realm of Zot)

   It grants the wearer a chance to resist fire, cold, poison, electricity,
   acid, and negative energy.
 Z - +12 gold dragon scales (worn) {rare}
   (You found it on level 4 of the Depths)
Jewellery
 d - the ring of Ru's Hope (left hand) {Wiz Contam rPois Will++ SInv}
   (You bought it in a shop on level 3 of the Elven Halls)

   [ring of wizardry]

   It improves your spell success rate.
   rPois:     It protects you from poison.
   SInv:      It lets you see invisible.
   Contam:    It causes magical contamination when unequipped.
   Will:      It greatly increases your willpower.
 i - a ring of flight
   (You took it off a minotaur on level 2 of the Orcish Mines)
 j - the ring of Shadows (right hand) {Umbra +Inv Stlth+}
   (You bought it in a shop on level 1 of the Vaults)

   [ring of stealth]

   It surrounds you with an aura of shadow, increasing your stealth and reducing
   the accuracy of all others within it.
   +Inv:      It lets you turn invisible.
   Stlth:     It makes you more stealthy.
 n - the ring of Loev Wic {rC+ EV+4}
   (You found it on level 3 of the Vaults)

   [ring of evasion]

   EV:        It affects your evasion (+4).
   rC:        It protects you from cold.
 q - a ring of protection from fire
   (You found it on level 3 of the Dungeon)
 r - the amulet of Eternity (around neck) {Drain rF+ Regen+ MP+9}
   (You found it on level 5 of the Vaults)

   [amulet of regeneration]

   rF:        It protects you from fire.
   MP:        It affects your magic capacity (+9).
   Regen:     It increases your rate of health regeneration.
   Drain:     It drains your maximum health when unequipped.
 G - the ring "Toxte" {rN+++ Will+ Int-5 SInv Stlth-}
   (You took it off a merfolk on level 4 of the Shoals)

   [ring of see invisible]

   Int:       It affects your intelligence (-5).
   rN:        It renders you almost immune to negative energy.
   SInv:      It lets you see invisible.
   Will:      It increases your willpower.
   Stlth:     It makes you less stealthy.
Wands
 o - a wand of quicksilver (28)
   (You found it on level 2 of the Dungeon)
 J - a wand of iceblast (47)
   (You found it on level 1 of the Lair of Beasts)
 X - a wand of digging (14)
   (You found it on level 15 of the Dungeon)
Scrolls
 c - 14 scrolls of identify {@r1}
 k - 8 scrolls of immolation {!r!r}
 s - 11 scrolls of blinking {!r}
 t - 7 scrolls of fog
 v - 2 scrolls of silence {!r}
 z - 9 scrolls of fear
 B - 3 scrolls of butterflies
 C - 8 scrolls of enchant weapon
 F - 13 scrolls of magic mapping {!r}
 M - 7 scrolls of poison {!r}
 P - 2 scrolls of enchant armour
 Y - 21 scrolls of teleportation {@r4}
Potions
 a - 7 potions of haste {@q3}
 g - 13 potions of curing {@q1}
 h - 7 potions of flight
 m - 21 potions of heal wounds {@q2}
 p - 11 potions of mutation {!q}
 u - 6 potions of might
 w - 5 potions of ambrosia
 x - 6 potions of berserk rage {!q}
 A - 5 potions of cancellation
 K - 9 potions of invisibility
 N - 8 potions of magic
 R - a potion of resistance
Miscellaneous
 b - a box of beasts
   (You found it on level 1 of the Lair of Beasts)
 E - a condenser vane
   (You found it on level 3 of the Elven Halls)
 H - a tin of tremorstones (2/2) {throwing}
   (You found it on level 10 of the Dungeon)
 L - a phantom mirror
   (You found it on level 3 of the Elven Halls)
 S - a lightning rod (4/4)
   (You found it on level 2 of the Depths)
 V - a phial of floods
   (You bought it in a shop on level 2 of the Orcish Mines)

Dungeon Overview and Level Annotations

Branches:
Dungeon (15/15)            Temple (0/1) D:7            Lair (5/5) D:8
 Shoals (4/4) Lair:3       Spider (4/4) Lair:3        Slime (0/5) Lair:4
    Orc (2/2) D:10            Elf (3/3) Orc:2        Vaults (5/5) D:14
  Crypt (0/3) Vaults:3     Depths (4/4) D:15           Hell (visited)
    Zot (5/5) Depths:4     Bailey (visited)           IceCv (visited)
    Dis: Hell:1         Geh: Hell:1         Coc: Hell:1         Tar: Hell:1

Altars:
Dithmenos
Hepliaklqana
Kikubaaqudgha
Makhleb
Okawaru
Qazlal
Ru
Sif Muna
Trog
Uskayaw
Xom
Yredelemnul
Zin
The Shining One

Shops:
D:3 (   D:8 :   D:11 [   Orc:2 ***(**=[   Elf:1 *   Elf:2 *   Elf:3 =
Shoals:4 (   Vaults:1 (!=   Vaults:2 :   Vaults:5 [   Depths:3 (!?*
Depths:4 !

Portals:
Hell: Depths:1 Depths:2 Depths:3 Depths:4
Abyss: Depths:1 Depths:3
Pandemonium: Depths:1 Depths:2

Annotations:
Orc:1 1 runed translucent door
Elf:2 5 runed translucent doors
Depths:1 1 runed translucent door, Loufaj's ghost, adept MiMo
Depths:3 exclusion: downstairs
Hell Geryon

...).......## ##......)....
#.####......## ##......####.#
#..# ##......## ##......##
#..# ##.## ##......##
##......## ##.## ##..##
##......###......## ##..#
.##..## ##......#......##
##..### ####..##
##...........## ##..##.#
##..## ##.........## ##..###.#
###..#####...@...#####..## #.#
####.##...####.....####...##
#.#
......###...###...###...###
#.# ####.##
###...........###.# ##.# # #.#
#.#############...####... #
#.# #..# #.# #...........# #
#.# #..######.###.......##.##
#
#.####......##.......###.##.##
# #.......#............#
#......


There were no monsters in sight!


Message History

You completely miss the Tzitzimitl.
You claw the Tzitzimitl, but do no damage.
You headbutt the Tzitzimitl. You block the Tzitzimitl's attack.
The Tzitzimitl bites you. 😕 HP[-1]
You take 1 damage, and now have 317/319 hp.
Unknown command.
You slash the Tzitzimitl!
You claw the Tzitzimitl, but do no damage.
The Tzitzimitl gestures at you.
The bolt of negative energy misses you. 😕 HP[+1]
You slice the Tzitzimitl!!
You claw the Tzitzimitl, but do no damage.
You headbutt the Tzitzimitl.
You block the Tzitzimitl's attack. x2 😎 HP[+1] MP[+1]
Your hp is fully restored (319).
Your mp is fully restored (34).
Unknown command.
You slice the Tzitzimitl!!
You kill the Tzitzimitl!
Okawaru accepts your kill.
You now have 321 max hp (+2). 😎 HP[+2]
Your hp is fully restored (321).
(D) Dungeon (T) Temple (L) Lair (A) Shoals (N) Spider Nest (M) Slime Pits (O) Orcish Mines (E) Elven Halls (V) Vaults (C) Crypt (U) Depths (H) Hell (Z) Zot
Where to? (Enter - D:1, ? - help)
What level of the Dungeon? (default 1, ? - help)
There is a stone staircase leading up here.
You climb upwards.
There is a stone staircase leading down here.
An Orb Guardian comes into view.
You cut the Orb Guardian into ribbons!!!
You claw the Orb Guardian. You headbutt the Orb Guardian.
You block the Orb Guardian's attack.
You barely miss the Orb Guardian. You claw the Orb Guardian.
Your headbutt misses the Orb Guardian. You block the Orb Guardian's attack.
You slice the Orb Guardian!! You claw the Orb Guardian.
You kill the Orb Guardian!
Okawaru accepts your kill.
Your life force feels restored.
You now have 323 max hp (+2).
No target in view!
(D) Dungeon (T) Temple (L) Lair (A) Shoals (N) Spider Nest (M) Slime Pits (O) Orcish Mines (E) Elven Halls (V) Vaults (C) Crypt (U) Depths (H) Hell (Z) Zot
Where to? (Enter - D:1, ? - help)
What level of the Dungeon? (default 1, ? - help)
A chaos spawn comes into view. 😎 HP[+2]
Your hp is fully restored (323).
Unknown command.
No target in view!
No target in view!
You block the chaos spawn's attack. You block the chaos spawn's attack.
There is a stone staircase leading up here.
You slice the chaos spawn!! Your kick misses the chaos spawn.
Your headbutt misses the chaos spawn. You cut the chaos spawn into ribbons!!!
You kill the chaos spawn!
Okawaru accepts your kill.
The chaos spawn degenerates into a cloud of primal chaos!
No target in view!
(D) Dungeon (T) Temple (L) Lair (A) Shoals (N) Spider Nest (M) Slime Pits (O) Orcish Mines (E) Elven Halls (V) Vaults (C) Crypt (U) Depths (H) Hell (Z) Zot
Where to? (Enter - D:1, ? - help)
What level of the Dungeon? (default 1, ? - help)
You climb upwards.
There is a stone staircase leading down here.
There is a stone staircase leading up here.
You climb upwards.
There is a stone staircase leading down here.
There is a stone staircase leading up here.
You climb upwards.
There is a stone staircase leading down here.
You feel like a meek peon again.
There is a stone staircase leading up here.
You climb upwards.
There is a stone staircase leading down here.
There is an open door here.
There is an open door here.
There is a stone staircase leading up here.
You climb upwards.
There is a stone staircase leading down here.
(D) Dungeon (T) Temple (L) Lair (A) Shoals (N) Spider Nest (M) Slime Pits (O) Orcish Mines (E) Elven Halls (V) Vaults (C) Crypt (U) Depths (H) Hell (Z) Zot
Where to? (Enter - D:1, ? - help)
Okay, then.
Things that are here:
a +0 dagger {short}; a +0 short sword {short}
There is a staircase leading out of the dungeon here.
You have escaped!

Skill      XL: |  1  2  3  4  5  6  7  8  9 10 11 12 13 14 15 16 17 18 19 20 21 22 23 24 25 26 27 |
---------------+----------------------------------------------------------------------------------+-----
Maces & Flails | 3 4 5 6 7 9 11 13 15 16 17 18 20 21 | 21.7
Fighting       | 3 5 7 8 10 12 15 17 18 19 21 22 23 27 | 27.0
Dodging        | 5 |  5.7
Armour         | 3 4 9 14 15 18 | 18.0
Axes           | 7 10 | 10.4
Invocations    | 8 11 14 | 14.8
Evocations     | 7 |  7.0
Shields        | 8 13 17 18 22 26 | 26.3
Throwing       | 4 11 | 11.5

Action                   |  1- 3 |  4- 6 |  7- 9 | 10-12 | 13-15 | 16-18 | 19-21 | 22-24 | 25-27 || total
-------------------------+-------+-------+-------+-------+-------+-------+-------+-------+-------++-------
Melee: Flail             |    93 |   176 |   131 |       |       |       |       |       |       ||   400
       Punch             |       |     3 |     2 |       |       |       |       |    59 |     7 ||    71
       Giant spiked club |       |       |    23 |       |       |       |   378 |       |       ||   401
       Dire flail        |       |       |   175 |   471 |       |       |       |       |       ||   646
       Giant club        |       |       |       |    46 |   873 |   865 |   317 |       |       ||  2101
       Peck              |       |       |       |    28 |   186 |   226 |   399 |   229 |       ||  1068
       Broad axe         |       |       |       |       |       |       |   761 |  1932 |  2183 ||  4876
       Kick              |       |       |       |       |       |       |       |    13 |  1203 ||  1216
       Headbutt          |       |       |       |       |       |       |       |       |    18 ||    18
Throw: Throwing net      |     2 |       |       |       |       |       |       |       |       ||     2
       Large rock        |       |       |       |       |       |       |       |     2 |     5 ||     7
Invok: Heroism           |       |       |     1 |     9 |    23 |    44 |    53 |    38 |    34 ||   202
       Finesse           |       |       |       |       |     1 |    15 |    25 |    21 |    12 ||    74
       Duel              |       |       |       |       |       |       |     2 |       |       ||     2
Evoke: Wand              |       |     2 |    16 |     9 |    10 |     7 |     8 |       |     2 ||    54
       Tin of tremorston |       |       |       |       |     2 |       |     2 |       |     3 ||     7
       Lightning rod     |       |       |       |       |       |       |    12 |       |       ||    12
       Phial of floods   |       |       |       |       |       |       |     4 |     1 |     1 ||     6
       Condenser vane    |       |       |       |       |       |       |       |     4 |     3 ||     7
  Use: Scroll            |     3 |     2 |    12 |     3 |    12 |     9 |    27 |     4 |     3 ||    75
       Potion            |       |       |     4 |     3 |     1 |     7 |    12 |    14 |     6 ||    47
 Stab: Sleeping          |       |     1 |     2 |     6 |     5 |     1 |     6 |       |       ||    21
       Distracted        |       |       |     1 |       |     2 |       |     3 |     1 |     1 ||     8
       Invisible         |       |       |       |       |       |     8 |       |       |       ||     8
       Petrified         |       |       |       |       |       |     1 |       |       |       ||     1
       Confused          |       |       |       |       |       |       |       |     6 |       ||     6
Armor: Robe              |    35 |    52 |    86 |    62 |    41 |       |       |       |       ||   276
       Acid dragon scale |       |       |       |   126 |   202 |       |       |       |       ||   328
       Troll leather arm |       |       |       |       |    99 |   340 |   322 |       |       ||   761
       Quicksilver drago |       |       |       |       |       |       |    67 |       |       ||    67
       Gold dragon scale |       |       |       |       |       |       |   103 |  1143 |   587 ||  1833
Dodge: Dodged            |    60 |   108 |   156 |   236 |   520 |   531 |   497 |   461 |   217 ||  2786
Block: Tower shield      |       |       |       |       |       |       |   886 |  1248 |  1845 ||  3979

Levels and vault maps discovered:
D:1:      dpeg_arrival_central, layout_loops_ring
D:2:      layout_loops_corners, uniq_sigmund
D:3:      corexii_shack_village, layout_loops_corners,
          mainiacjoe_overflow_alcove_4, serial_shops, shop,
          shapermc_ecumenical_altar_totnotflames
D:4:      layout_gridville, minmay_misc_feat_pillars
D:5:      minmay_polygon_palace, layout_basic, grunt_dithmenos_shadows
D:6:      layout_cave_pools, mainiacjoe_overflow_tiny_flanked,
          nicolae_qazlal_style_of_elements, nicolae_uskayaw_dance_hall,
          kennysheep_potato
D:7:      layout_loops_corners, tso_oasis_becter, zin_purify,
          minmay_temple_entry_butterflies, serial_aquarium,
          aquarium_bridge_straight [aquarium_subvault_bridge,
          aquarium_subvault_wall, aquarium_subvault_bridge,
          aquarium_subvault_balcony], aquarium_bridge_straight
          [aquarium_subvault_bridge, aquarium_subvault_window,
          aquarium_subvault_bridge, aquarium_subvault_window],
          aquarium_window_fake, aquarium_window_corridor_3,
          aquarium_window_corner, aquarium_window_1, aquarium_view_2f,
          aquarium_view_2f, aquarium_pool_side, roderic_three_in_a_row,
          uniq_menkaure, uniq_joseph
D:8:      layout_basic, hellmonk_lair_entry_icy, serial_shops, kennysheep_mini,
          dreamdust_princess_corridor, uniq_maurice
D:9:      layout_gridville, mainiacjoe_overflow_cross_hatched,
          nicolae_ru_sacrificial_ziggurat, enter_bailey_5, uniq_grum, uniq_erica
D:10:     layout_gridville, grunt_temple_overflow_diamond, orc_0_dummy,
          serial_shops, shop, minmay_fire_ice_demons
D:11:     layout_long_grid, serial_shops, shop_statue
D:12:     layout_irregular_city, hangedman_decor_push, minmay_stone_trees_small
D:13:     lemuel_troll_bridge, layout_cave_pools, serial_demonic,
          serial_demonic_d, serial_demonic_d, serial_demonic_c,
          serial_demonic_c, led_sif_pool, uniq_urug
D:14:     layout_basic, david_vaults_3, serial_corexii_hall,
          corexii_hall_statues_l, chequers_hall_statues_wall_a, nicolae_wwwww,
          kennysheep_another_room, uniq_jorgrun, uniq_nessos, uniq_lodul
D:15:     grunt_enter_depths_snipers, layout_basic, yredelemnul_altar_generic
Lair:1:   layout_cave_shapes, chequers_serial_rivers_marsh,
          cheibrodos_lair_reptile_den, grunt_megastairs_2, uniq_sonja
Lair:2:   layout_big_grid, evilmike_ambush [evilmike_ambush_outer_pillars,
          evilmike_ambush_inner_wall_2], grunt_megastairs_5, lemuel_fruit_tree
Lair:3:   layout_concentric_octagons, elwin_shoals_entry_rooms,
          nicolae_spider_entry_non_spiders, portal_ice_cave_demonic_guard
Lair:4:   layout_roguey, minmay_slime_entry_jelly_boxes, kilobyte_rumbling_trees
Lair:5:   minmay_lair_end_frog_pond, layout_regular_city,
          grunt_forest_small_clearing_treed, infiniplex_staircase_pool
Shoals:1: layout_shoals, nicolae_shoals_lost_giant_pillars, uniq_roxanne
Shoals:2: layout_shoals, nicolae_splish_splash, uniq_ilsuiw, uniq_nikola
Shoals:3: cheibrodos_shoals_satyrical_garden, layout_shoals, uniq_donald
Shoals:4: shoals_end_grunt_ice, layout_shoals, serial_shops, shop
Spider:1: layout_spider_delve, uniq_mlioglotl
Spider:2: nicolae_spider_corner, uniq_arachne
Spider:3: layout_spider_delve
Spider:4: grunt_spider_rune_parallel
Orc:1:    dreamdust_dug_too_deep, layout_caves, basic_altar
Orc:2:    grunt_orc_cross, layout_diamond_mine, maelrawn_ghost_gauntlet_escape,
          minmay_shop_mass, nicolae_specific_store, nicolae_shop_gadgets
Elf:1:    minmay_elf_arrival_plus, layout_loops_corners, serial_shops, shop,
          hangedman_elf_represent, grunt_megastairs_3
Elf:2:    elven_hall_of_blades_hangedman_alternative
          [nicolae_blade_entry_floor_patterns], layout_geoelf_octagon,
          enter_trove_1, nicolae_shop_clearance, uniq_azrael
Elf:3:    minmay_elf_hall_spiked, layout_geoelf_castle, serial_shops, shop,
          uniq_aizul
Vaults:1: ploomutoo_gammafunk_ghost_potion_laboratory, v_misc_33,
          vaults_room_large_hall, ontoclasm_vaults_fault,
          hangedman_vaults_stitches, vaults_standard_mumra_x,
          hangedman_vaults_slither, ontoclasm_vaults_loading_screen, v_misc_15,
          nicolae_vaults_little_squares_1, vaults_dpeg_ring, layout_vaults_ring,
          serial_shops, shop, shop, nicolae_shop_waterfront
Vaults:2: v_misc_22, vaults_room_fours, vaults_dpeg_encased_lava,
          nicolae_vaults_back_hallway, hangedman_vaults_stretched_pinwheel,
          nicolae_vaults_theta, v_misc_30, vaults_mumra_chevron,
          layout_vaults_big_room, serial_shops, nicolae_lakefront_shop,
          uniq_zenata
Vaults:3: vaults_mumra_hexcomb, ontoclasm_vaults_ring_square,
          nicolae_vaults_bisected_exclaves, v_misc_13,
          minmay_crypt_entry_simple_box, nicolae_vaults_disjoint_gnomons,
          v_misc_8, v_misc_28, v_misc_33, v_misc_8,
          nicolae_vaults_border_crossing, nicolae_vaults_little_squares_4,
          grunt_vaults_hallway_short, vaults_room_door_ring,
          layout_vaults_omnibox
Vaults:4: nicolae_vaults_diagonal_hallway_9, nicolae_vaults_diagonal_hallway_7,
          ontoclasm_vaults_chip, v_misc_25, v_pattern_1, vaults_room_corners,
          hangedman_vaults_river_flow, v_rooms_4, ontoclasm_vaults_hangar,
          grunt_vaults_hallway_long, v_misc_22, hangedman_vaults_impose,
          vaults_dpeg_diagonal, v_alt_pattern_4, layout_vaults_maze,
          serial_shops, nicolae_shop_advertising_works
          [nicolae_subvault_shop_adworks]
Vaults:5
Depths:1: layout_gridlike, hell_entry, grunt_pan_entry_in_and_out,
          hellmonk_ghost_happy_afterlife, abyss_entry, minivault_14,
          makhleb_altar_promises_db, uniq_bai_suzhen
Depths:2: grunt_arcs, layout_gridlike, rand_demon_pan_entry_1,
          minmay_misc_feat_cross, serial_bayou, serial_bayou_shore_b,
          serial_bayou_pond_c, serial_bayou_pond_d, serial_bayou_ford_a,
          grunt_hell_entry_dis_old
Depths:3: ragdoll_tomb_raider, layout_gridville, minmay_room_of_horrors,
          hangedman_geh_valley, minmay_shoptagon
Depths:4: grunt_zot_entry_funnels, layout_gridlike, enter_ziggurat_e,
          serial_shops, shop_fountains, minmay_misc_feat_encased,
          grunt_metal_band
Hell
Zot:1:    layout_cellular_growth, ebering_ghost_reflecting_pool, uniq_josephina
Zot:2:    grunt_deathspiral_small, layout_onion_interference
Zot:3:    gammafunk_the_bubble [the_bubble_gammafunk_grid],
          layout_misc_corridors, grunt_ministairs_2, skrybe_zot_glass_1,
          grunt_megastairs_4, uniq_tiamat
Zot:4:    gammafunk_sealed_library, layout_concentric_octagons
Zot:5:    layout_onion

Notes
Turn   | Place    | Note
-------+----------+-------------------------------------------
     0 | D:1      | MackTheKnife the Ogre Gladiator began the quest for the
                  | Orb.
     0 | D:1      | Reached XP level 1. HP: 22/22 MP: 1/1
     0 | D:1      | magus.rc [v1.9.6]
    58 | D:1      | Reached skill level 3 in Maces & Flails
   149 | D:1      | Reached XP level 2. HP: 14/29 MP: 2/2
   154 | D:1      | Reached skill level 3 in Fighting
   748 | D:1      | Reached XP level 3. HP: 37/37 MP: 3/3
  1087 | D:2      | Noticed Sigmund
  1102 | D:2      | Killed Sigmund
  1103 | D:2      | Reached skill level 5 in Fighting
  1103 | D:2      | Reached skill level 4 in Maces & Flails
  1103 | D:2      | Reached XP level 4. HP: 19/50 MP: 4/4
  1103 | D:2      | Reached XP level 5. HP: 21/57 MP: 5/5
  1806 | D:2      | Reached XP level 6. HP: 29/67 MP: 6/6
  2785 | D:3      | Reached skill level 6 in Fighting
  3126 | D:3      | Found an iron altar of Okawaru.
  3134 | D:3      | Reached skill level 5 in Maces & Flails
  3138 | D:3      | Became a worshipper of Warmaster Okawaru
  3289 | D:3      | Found a faded altar of an unknown god.
  3431 | D:3      | Found Xulipig's Antique Weapon Shop.
  3686 | D:4      | Noticed a black bear
  3688 | D:4      | Killed a black bear
  3750 | D:4      | Reached skill level 7 in Fighting
  3750 | D:4      | Reached XP level 7. HP: 44/78 MP: 7/7
  4342 | D:4      | Reached * piety under Okawaru
  4703 | D:4      | Reached skill level 6 in Maces & Flails
  4881 | D:4      | Reached skill level 8 in Fighting
  5223 | D:5      | Entered Level 5 of the Dungeon
  5252 | D:5      | Reached XP level 8. HP: 23/89 MP: 8/8
  5255 | D:5      | HP: 17/89 [phantom (7)]
  5510 | D:5      | Found a shadowy altar of Dithmenos.
  5566 | D:5      | Reached skill level 9 in Fighting
  5631 | D:5      | You pick up a book of Weapons and begin reading...
  5631 | D:5      | You add the spells Portal Projectile and Blade Hands to
                  | your library.
  5723 | D:5      | Reached skill level 7 in Maces & Flails
  5730 | D:5      | HP: 17/84 [wight/+0 hand axe (6)]
  5733 | D:5      | HP: 7/84 [wight/+0 hand axe (6)]
  5734 | D:5      | HP: 3/82 [wight/+0 hand axe (3)]
  6074 | D:5      | Reached ** piety under Okawaru
  6075 | D:5      | Reached skill level 10 in Fighting
  6475 | D:5      | Reached XP level 9. HP: 46/102 MP: 9/9
  6701 | D:5      | Reached skill level 8 in Maces & Flails
  6867 | D:5      | Reached skill level 11 in Fighting
  7175 | D:6      | You pick up a book of Transfigurations {@e2} and begin
                  | reading...
  7175 | D:6      | You add the spells Irradiate and Dragon Form to your
                  | library.
  7234 | D:6      | Found a hide-covered altar of Uskayaw.
  7380 | D:6      | Reached *** piety under Okawaru
  7386 | D:6      | Identified the +6 hand axe of Neticsem {vorpal, Will+ rCorr
                  | Stlth+}
  7438 | D:6      | Found a bloodstained altar of Trog.
  7444 | D:6      | You add the spells Kindle Blastsparks, Ignite Poison and
                  | Freezing Cloud to your library.
  7541 | D:6      | Reached skill level 12 in Fighting
  7601 | D:6      | Found a stormy altar of Qazlal.
  7775 | D:6      | Reached skill level 9 in Maces & Flails
  8080 | D:6      | You add the spells Vhi's Electric Charge, Arcjolt and
                  | Maxwell's Capacitive Coupling to your library.
  8348 | D:6      | Identified a potion of experience
  8414 | D:7      | Found a staircase to the Ecumenical Temple.
  8428 | D:7      | You add the spells Ozocubu's Armour and Ozocubu's
                  | Refrigeration to your library.
  8469 | D:7      | Found Zin's Purification Station.
  8469 | D:7      | Found a glowing silver altar of Zin.
  8481 | D:7      | Noticed Menkaure
  8483 | D:7      | Killed Menkaure
  8519 | D:7      | Bought a potion of curing for 90 gold pieces
  8832 | D:7      | Reached XP level 10. HP: 118/118 MP: 10/10
  8832 | D:7      | Reached skill level 15 in Fighting
  8832 | D:7      | Reached skill level 11 in Maces & Flails
  8832 | D:7      | Reached XP level 11. HP: 135/135 MP: 11/11
  9163 | D:7      | Noticed Joseph
  9179 | D:7      | Killed Joseph
  9179 | D:7      | Received a gift from Okawaru
  9408 | D:7      | Found a glowing golden altar of the Shining One.
  9575 | D:7      | Reached skill level 16 in Fighting
  9818 | D:8      | Noticed Maurice
 10062 | D:8      | Killed Maurice
 10236 | D:8      | Reached skill level 12 in Maces & Flails
 10239 | D:8      | Reached **** piety under Okawaru
 10470 | D:8      | Found a staircase to the Lair.
 10778 | D:8      | Noticed a white ugly thing
 10785 | D:8      | Killed a white ugly thing
 10854 | D:8      | Found Lekhlim's Book Shoppe.
 11260 | D:9      | Noticed Grum
 11279 | D:9      | Killed Grum
 11553 | D:9      | Found a flagged portal.
 11611 | Bailey   | Entered a bailey
 11798 | Bailey   | Reached skill level 17 in Fighting
 11865 | Bailey   | Noticed an orc knight
 11865 | Bailey   | Noticed an orc knight
 11874 | Bailey   | Killed an orc knight
 11882 | Bailey   | Killed an orc knight
 12290 | D:9      | Found a sacrificial altar of Ru.
 12427 | D:9      | Found a shimmering altar of Xom.
 12455 | D:9      | You pick up a book of Displacement and begin reading...
 12455 | D:9      | You add the spells Lesser Beckoning, Gell's Gravitas and
                  | Teleport Other to your library.
 12559 | D:9      | You pick up a book of the Moon and begin reading...
 12559 | D:9      | You add the spells Passage of Golubria, Silence and
                  | Lehudib's Crystal Spear to your library.
 12570 | D:9      | Noticed Erica
 12586 | D:9      | Killed Erica
 12586 | D:9      | Reached ***** piety under Okawaru
 12587 | D:9      | Reached skill level 13 in Maces & Flails
 12587 | D:9      | Reached XP level 12. HP: 79/150 MP: 12/12
 13084 | D:10     | Entered Level 10 of the Dungeon
 13147 | D:10     | Found Woiwuy's Jewellery Shoppe.
 13192 | D:10     | You fall into a shaft and drop 3 floors!
 13193 | D:13     | Noticed a death yak
 13197 | D:13     | Noticed a death knight
 13197 | D:13     | Noticed a tengu warrior
 13205 | D:12     | HP: 37/150 [freezing wraith[a death knight] (8)]
 13568 | D:12     | Reached skill level 18 in Fighting
 13752 | D:11     | Found Yryxoazy's Armour Shoppe.
 13792 | D:10     | Found the +3 Mad Mage's Maulers {Infuse+∞ RegenMP Int-3}
 13807 | D:10     | Found a basalt altar of Yredelemnul.
 13810 | D:10     | Found a hazy altar of Hepliaklqana.
 13814 | D:10     | Found an ancient bone altar of Kikubaaqudgha.
 14268 | D:10     | Gained mutation: You occasionally shout uncontrollably at
                  | your foes. [potion of mutation]
 14268 | D:10     | Gained mutation: You have a beak for a mouth. [potion of
                  | mutation]
 14268 | D:10     | Gained mutation: You have hidden genetic potential. [potion
                  | of mutation]
 14425 | D:10     | You pick up a book of Annihilations and begin reading...
 14425 | D:10     | You add the spells Chain Lightning, Fire Storm and Shatter
                  | to your library.
 14559 | D:10     | Found a staircase to the Orcish Mines.
 14818 | Lair:1   | Entered Level 1 of the Lair of Beasts
 15410 | Lair:1   | Noticed Sonja
 15426 | Lair:1   | Killed Sonja
 15426 | Lair:1   | Identified the +6 giant club "Ifuomiocw" {vorpal, Str+3}
                  | (Okawaru gifted it to you on level 1 of the Lair of Beasts)
 15426 | Lair:1   | Received a gift from Okawaru
 15427 | Lair:1   | Reached skill level 14 in Maces & Flails
 15992 | Lair:2   | You pick up a book of Burglary and begin reading...
 15992 | Lair:2   | You add the spells Passwall, Ensorcelled Hibernation and
                  | Swiftness to your library.
 16241 | Lair:2   | Noticed a six-headed hydra
 16248 | Lair:2   | Killed a six-headed hydra
 16280 | Lair:2   | Reached skill level 15 in Maces & Flails
 16331 | Lair:2   | Reached XP level 13. HP: 140/161 MP: 13/13
 16729 | Lair:2   | Received a gift from Okawaru
 16743 | Lair:2   | Gained mutation: You are covered in fur. (AC +1) [hidden
                  | potential]
 17509 | Lair:3   | Reached skill level 16 in Maces & Flails
 17569 | Lair:3   | You pick up a book of Vapours and begin reading...
 17569 | Lair:3   | You add the spells Poisonous Vapours, Cigotuvi's Dreadful
                  | Rot and Mephitic Cloud to your library.
 17584 | Lair:3   | Got the Lectures on Accomplices
 17604 | Lair:3   | Found a hole to the Spider Nest.
 17808 | Lair:3   | Found a frozen archway.
 17815 | Lair:3   | Received a gift from Okawaru
 17841 | IceCv    | Entered an ice cave
 18174 | IceCv    | Reached skill level 3 in Dodging
 18177 | IceCv    | Reached skill level 1 in Armour
 18442 | IceCv    | Reached skill level 2 in Armour
 18445 | IceCv    | Reached skill level 4 in Dodging
 18538 | IceCv    | Reached skill level 3 in Armour
 18766 | IceCv    | Reached skill level 5 in Dodging
 18776 | IceCv    | Reached XP level 14. HP: 81/170 MP: 12/14
 18786 | IceCv    | Reached skill level 4 in Armour
 18793 | IceCv    | Received a gift from Okawaru
 19029 | IceCv    | You pick up a book of the Tundra and begin reading...
 19029 | IceCv    | You add the spells Hailstorm and Ice Form to your library.
 19035 | IceCv    | Identified the +4 broad axe of the Poles {vamp, MP-9 Str+4}
 19131 | Lair:3   | Reached skill level 1 in Axes
 19331 | Lair:3   | Found a staircase to the Shoals.
 19333 | Lair:3   | Reached skill level 2 in Axes
 19814 | Lair:4   | Identified the +2 leather armour "Xenijygg" {rPois Str-4
                  | Dex+7 Stlth+}
 19818 | Lair:4   | You pick up a book of the Spheres and begin reading...
 19818 | Lair:4   | You add the spells Iskenderun's Battlesphere, Fireball,
                  | Conjure Ball Lightning and Orb of Destruction to your
                  | library.
 19923 | Lair:4   | Reached skill level 3 in Axes
 20251 | Lair:4   | Reached skill level 4 in Axes
 20357 | Lair:4   | Reached skill level 5 in Axes
 20377 | Lair:4   | Found a staircase to the Slime Pits.
 21105 | Lair:5   | Entered Level 5 of the Lair of Beasts
 21122 | Lair:5   | Reached skill level 6 in Axes
 21427 | Lair:5   | Reached skill level 7 in Axes
 21636 | Lair:5   | Reached skill level 1 in Invocations
 21648 | Lair:5   | Reached skill level 2 in Invocations
 21716 | Lair:5   | Reached skill level 3 in Invocations
 21961 | Lair:5   | Reached skill level 4 in Invocations
 22037 | Lair:5   | Reached skill level 5 in Invocations
 22464 | Lair:5   | Reached skill level 6 in Invocations
 22845 | Lair:5   | You pick up a book of Air and begin reading...
 22845 | Lair:5   | You add the spells Shock and Airstrike to your library.
 23042 | Orc:1    | Entered Level 1 of the Orcish Mines
 23088 | Orc:1    | Reached skill level 7 in Invocations
 23117 | Orc:1    | Identified the +3 robe "Kuviol Zaom" {Str+4} (Okawaru
                  | gifted it to you on level 1 of the Orcish Mines)
 23117 | Orc:1    | Received a gift from Okawaru
 23131 | Orc:1    | Found a shimmering altar of Xom.
 23370 | Orc:1    | Reached skill level 8 in Invocations
 23636 | Orc:1    | Found a runed translucent door.
 23639 | Orc:1    | Noticed a balrug
 23754 | Orc:2    | Entered Level 2 of the Orcish Mines
 23769 | Orc:2    | Found a runed translucent gate.
 23770 | Orc:2    | Found a runed translucent gate.
 23771 | Orc:2    | Found a runed translucent gate.
 23788 | Orc:2    | Reached XP level 15. HP: 167/178 MP: 19/21
 23830 | Orc:2    | Found Ninaraw's Gadget Gallery.
 23850 | Orc:2    | Noticed an orc warlord
 23854 | Orc:2    | Reached skill level 1 in Evocations
 23855 | Orc:2    | Reached skill level 2 in Evocations
 23864 | Orc:2    | Reached skill level 3 in Evocations
 23866 | Orc:2    | Killed an orc warlord
 23891 | Orc:2    | Gained mutation: Your spells are a little harder to cast,
                  | but a little more powerful. [hidden potential]
 23891 | Orc:2    | Lost mutation: You have hidden genetic potential. [hidden
                  | potential expressed]
 24138 | Orc:2    | Reached skill level 4 in Evocations
 24249 | Orc:2    | Found Jatuigrea's General Store.
 24255 | Orc:2    | Found Kab Ylih's Antique Weapon Shoppe.
 24328 | Orc:2    | Found Plog's Antique Armour Shoppe.
 24335 | Orc:2    | Bought an encrusted troll leather armour for 560 gold
                  | pieces
 24335 | Orc:2    | Identified the +8 troll leather armour of Refuge {rElec rN+
                  | Regen+ Str+3} (You bought it in a shop on level 2 of the
                  | Orcish Mines)
 24354 | Orc:2    | Found Teont's Jewellery Shoppe.
 24361 | Orc:2    | Bought a ring of see invisible for 240 gold pieces
 24422 | Orc:2    | Found Xuekoz's Specific Store.
 24424 | Orc:2    | Found Kafil's General Store.
 24474 | Orc:2    | Noticed Qbowser99's ghost (journeyman GnFE)
 24680 | Orc:2    | Found a staircase to the Elven Halls.
 24690 | Orc:2    | Found Ukalius's Mass Market.
 24885 | Orc:2    | Killed Qbowser99's ghost
 24893 | Orc:2    | Reached skill level 5 in Evocations
 25722 | D:12     | Reached skill level 6 in Evocations
 26153 | D:12     | Received a gift from Okawaru
 26154 | D:12     | Reached skill level 7 in Evocations
 26525 | D:13     | Reached skill level 19 in Fighting
 26525 | D:13     | Noticed Urug
 26533 | D:13     | Killed Urug
 26556 | D:13     | S - a +6 double sword {longrare=g}
 26645 | D:13     | Received a gift from Okawaru
 26655 | D:13     | Identified the +9 chain mail of Sogyl {Harm Int+4 Slay+2}
 26705 | D:13     | Reached skill level 17 in Maces & Flails
 26968 | D:13     | You pick up a book of the Wilderness and begin reading...
 27091 | D:13     | Found a shimmering blue altar of Sif Muna.
 27307 | D:14     | Reached XP level 16. HP: 172/191 MP: 22/22
 27309 | D:14     | Noticed Lodul
 27315 | D:14     | Noticed Nessos
 27326 | D:14     | Killed Lodul
 27334 | D:14     | Killed Nessos
 27336 | D:14     | Noticed Rupert
 27353 | D:14     | Killed Rupert
 27353 | D:14     | Received a gift from Okawaru
 27479 | D:14     | Reached skill level 20 in Fighting
 27750 | D:14     | Found a gate to the Vaults.
 28022 | D:14     | Noticed Jorgrun
 28030 | D:14     | Killed Jorgrun
 28308 | D:15     | Entered Level 15 of the Dungeon
 28399 | D:15     | Found a basalt altar of Yredelemnul.
 28776 | D:15     | You pick up a book of Burglary and begin reading...
 29064 | D:15     | You pick up a book of Iron and begin reading...
 29136 | D:15     | Found a staircase to the Depths.
 29174 | Depths:1 | Entered Level 1 of the Depths
 29185 | D:15     | HP: 33/195 [spriggan defender/+4 flail of holy wrath (24)]
 29372 | D:15     | Identified the +2 robe of the Game of Life {rF+ Int+5}
                  | (Okawaru gifted it to you on level 15 of the Dungeon)
 29372 | D:15     | Received a gift from Okawaru
 29660 | Depths:1 | Reached skill level 21 in Fighting
 29728 | Depths:1 | Found a runed translucent door.
 29728 | Depths:1 | Noticed Loufaj's ghost (adept MiMo)
 29824 | Depths:1 | Reached skill level 18 in Maces & Flails
 29862 | Depths:1 | Found a one-way gate to the infinite horrors of the Abyss.
 29928 | Depths:1 | Found a gateway to Hell.
 29929 | Depths:1 | Noticed Bai Suzhen
 29942 | Depths:1 | Killed Bai Suzhen
 30416 | Depths:1 | Reached XP level 17. HP: 208/208 MP: 23/23
 30435 | Depths:1 | Received a gift from Okawaru
 30447 | Depths:1 | Found a one-way gate leading to the halls of Pandemonium.
 30711 | Depths:1 | Found a burning altar of Makhleb.
 30809 | Depths:2 | Reached skill level 22 in Fighting
 30967 | Depths:2 | Noticed a lich
 30977 | Depths:2 | Killed a lich
 30989 | Depths:2 | Reached skill level 19 in Maces & Flails
 31035 | Depths:2 | Noticed a sphinx
 31047 | Depths:2 | Noticed a sphinx
 31053 | Depths:2 | Killed a sphinx
 31072 | Depths:2 | Killed a sphinx
 31092 | Depths:2 | Noticed a quicksilver dragon
 31093 | Depths:2 | Noticed a lich
 31107 | Depths:2 | Killed a quicksilver dragon
 31112 | Depths:2 | Noticed a caustic shrike
 31112 | Depths:2 | Noticed a caustic shrike
 31112 | Depths:2 | Noticed a juggernaut
 31114 | Depths:2 | Noticed a caustic shrike
 31114 | Depths:2 | Noticed a caustic shrike
 31119 | Depths:2 | Killed a juggernaut
 31119 | Depths:2 | Noticed a walking divine tome
 31544 | Orc:2    | Bought a phial of floods for 480 gold pieces
 31705 | Spider:1 | Entered Level 1 of the Spider Nest
 31746 | Spider:1 | Noticed Mlioglotl
 31760 | Spider:1 | Killed Mlioglotl
 31821 | Spider:1 | HP: 48/200 [spore (16)]
 31826 | Spider:1 | HP: 24/202 [jumping spider (10)]
 31837 | Spider:1 | HP: 36/202 [redback[a jorogumo] (1)]
 32041 | Spider:1 | You pick up a book of Cantrips and begin reading...
 32041 | Spider:1 | You add the spells Necrotise and Apportation to your
                  | library.
 32070 | Spider:1 | Identified the quicksilver dragon scales "Ihadomm" {rF+
                  | Will+ MP+9} (Okawaru gifted it to you on level 1 of the
                  | Spider Nest)
 32070 | Spider:1 | Received a gift from Okawaru
 32071 | Spider:1 | Z - the quicksilver dragon scales "Ihadomm" {rF+ Will+
                  | MP+9, rare}
 32203 | Spider:1 | You finish putting on the quicksilver dragon scales
                  | "Ihadomm" {rF+ Will+ MP+9, rare}.
 32208 | Spider:1 | You finish taking off the quicksilver dragon scales
                  | "Ihadomm" {rF+ Will+ MP+9, rare}.
 32566 | Spider:1 | magus.rc [v1.9.6]
 32566 | Spider:1 | magus.rc [v1.9.6]
 32566 | Spider:1 | magus.rc [v1.9.6]
 32632 | Spider:1 | Reached skill level 20 in Maces & Flails
 33036 | Depths:1 | You drop a +6 double sword {longrare=g}.
 33037 | Depths:1 | You drop the quicksilver dragon scales "Ihadomm" {rF+ Will+
                  | MP+9, rare}.
 33223 | Depths:2 | HP: 44/208 [fire giant/bolt of fire (42)]
 33466 | Depths:2 | Killed a walking divine tome
 33598 | Depths:2 | Reached XP level 18. HP: 129/218 MP: 22/24
 33620 | Depths:2 | Killed a lich
 33628 | Depths:2 | Noticed a titan
 33732 | Depths:2 | Reached skill level 21 in Maces & Flails
 33829 | Depths:2 | Noticed a caustic shrike
 33848 | Depths:2 | Killed a caustic shrike
 33856 | Depths:2 | Killed a caustic shrike
 33858 | Depths:2 | Killed a caustic shrike
 33867 | Depths:2 | Killed a caustic shrike
 33871 | Depths:2 | HP: 51/218 [acid (5)]
 33872 | Depths:2 | HP: 21/218 [acid (9)]
 34066 | Depths:2 | Got Sif Muna's Secrets of the Blistering Dead
 34071 | Depths:2 | You pick up a book of Vapours and begin reading...
 34073 | Depths:2 | You pick up a book of Dreams and begin reading...
 34073 | Depths:2 | You add the spells Spider Form and Anguish to your library.
 34176 | Depths:2 | Gained mutation: You are vulnerable to heat. (rF-) [a
                  | neqoxec]
 34182 | Depths:2 | Lost mutation: You are vulnerable to heat. (rF-) [potion of
                  | mutation]
 34182 | Depths:2 | Lost mutation: You occasionally shout uncontrollably at
                  | your foes. [potion of mutation]
 34182 | Depths:2 | Lost mutation: You are covered in fur. (AC +1) [potion of
                  | mutation]
 34182 | Depths:2 | Gained mutation: You have sharp fingernails. [potion of
                  | mutation]
 34298 | Depths:2 | Killed a caustic shrike
 34348 | Depths:2 | Killed a titan
 34730 | Depths:2 | Reached skill level 5 in Armour
 34930 | Depths:2 | You add the spells Sting and Olgreb's Toxic Radiance to
                  | your library.
 34980 | Depths:2 | You pick up a book of Changes and begin reading...
 34980 | Depths:2 | You add the spells Beastly Appendage and Wereblood to your
                  | library.
 35176 | Hell     | Entered the Vestibule of Hell
 35176 | Hell     | Noticed Geryon
 35205 | Depths:2 | HP: 49/218 [ice dragon/blast of cold (13)]
 35493 | Depths:2 | Reached skill level 6 in Armour
 35782 | Depths:3 | Reached skill level 7 in Armour
 35808 | Depths:3 | Received a gift from Okawaru
 35808 | Depths:3 | Found the +3 woodcutter's axe {vorpal}
 35893 | Depths:3 | Found Qopon's Assorted Antiques.
 35893 | Depths:3 | Found Jiodiopp's Weapon Boutique.
 35894 | Depths:3 | Found Secetz's Distillery.
 35896 | Depths:3 | Found Puitoroh's Magic Scroll Shop.
 35902 | Depths:3 | Reached skill level 8 in Armour
 35924 | Depths:3 | Bought a scroll of acquirement for 676 gold pieces
 35924 | Depths:3 | Acquired a manual of Armour
 36213 | Depths:3 | Noticed a royal mummy
 36233 | Depths:3 | Killed a royal mummy
 36234 | Depths:3 | Reached skill level 9 in Armour
 36234 | Depths:3 | Reached XP level 19. HP: 145/226 MP: 19/25
 36443 | Depths:3 | Noticed a royal mummy
 36722 | Depths:3 | Reached skill level 10 in Armour
 36894 | Depths:3 | Killed a royal mummy
 37118 | Depths:4 | Entered Level 4 of the Depths
 37154 | Depths:4 | Reached skill level 11 in Armour
 37434 | Depths:4 | Noticed a caustic shrike
 37434 | Depths:4 | Noticed a caustic shrike
 37434 | Depths:4 | Noticed a caustic shrike
 37434 | Depths:4 | Found Tiakhle's Distillery.
 37595 | Depths:1 | the quicksilver dragon scales "Ihadomm" {rF+ Will+ MP+9,
                  | rare}; a +6 double sword {longrare=g}
 37787 | Elf:1    | Entered Level 1 of the Elven Halls
 37790 | Orc:2    | Upgraded the game from 0.30-a0-469-g84de5afbc5 to
                  | 0.30-a0-475-g03497ec522
 37790 | Orc:2    | magus.rc [v1.9.6]
 37823 | Elf:1    | Reached skill level 12 in Armour
 38221 | Depths:1 | the quicksilver dragon scales "Ihadomm" {rF+ Will+ MP+9,
                  | rare}; a +6 double sword {longrare=g}
 38222 | Depths:1 | Z - the quicksilver dragon scales "Ihadomm" {rF+ Will+
                  | MP+9, rare}
 38233 | Depths:1 | You finish putting on the quicksilver dragon scales
                  | "Ihadomm" {rF+ Will+ MP+9, rare}.
 38831 | Elf:1    | Reached skill level 13 in Armour
 38992 | Elf:1    | Found Ketiugot's General Store.
 38998 | Elf:1    | Bought a potion of heal wounds for 90 gold pieces
 39043 | Elf:1    | Received a gift from Okawaru
 39577 | Elf:1    | Reached skill level 14 in Armour
 39948 | Elf:2    | Found a portal to a secret trove of treasure.
 39994 | Elf:2    | Noticed Azrael
 40002 | Arena    | Entered the Arena
 40002 | Arena    | HP: 52/226 [Azrael/damnation (52)]
 40008 | Arena    | HP: 56/226 [Azrael/sticky flame (2)]
 40009 | Arena    | Killed Azrael
 40041 | Elf:2    | HP: 52/226 [+1 hand axe of flaming (8)]
 40046 | Elf:2    | HP: 49/226 [+1 hand axe of flaming (1)]
 40055 | Elf:2    | Reached skill level 9 in Invocations
 40057 | Elf:2    | HP: 43/226 [deep elf zephyrmancer/bolt of lightning (26)]
 40062 | Elf:2    | HP: 26/226 [deep elf zephyrmancer/bolt of lightning (14)]
 40195 | Elf:2    | Received a gift from Okawaru
 40466 | Elf:2    | This trove needs 8 scrolls of fear to function. Give it the
                  | items?
 40466 | Elf:2    | This trove needs 8 scrolls of fear to function. Give it the
                  | items?
 40468 | Elf:2    | This trove needs 8 scrolls of fear to function. Give it the
                  | items?
 40468 | Elf:2    | You paid a toll of 8 scrolls of fear to enter a treasure
                  | trove
 40469 | Trove    | Entered a treasure trove
 40594 | Elf:2    | Reached skill level 10 in Invocations
 40816 | Elf:2    | Identified the amulet "Mimoesuf" {Faith Int+4}
 41064 | Elf:2    | Found Vimuliej's CLEARANCE SALE!.
 41072 | Elf:2    | Bought a scroll of teleportation for 12 gold pieces
 41147 | Elf:2    | Found a huge runed translucent gate.
 41147 | Elf:2    | Found a huge runed translucent gate.
 41147 | Elf:2    | Found a huge runed translucent gate.
 41147 | Elf:2    | Found a huge runed translucent gate.
 41149 | Elf:2    | Found a huge runed translucent gate.
 41521 | Depths:1 | l - a +6 double sword {longrare=g}
 41576 | Depths:1 | You drop a +6 double sword {longrare=g}.
 41648 | Depths:3 | Bought a scroll of enchant weapon for 97 gold pieces
 41925 | Elf:1    | Bought a scroll of enchant weapon for 135 gold pieces
 41980 | Elf:3    | Entered Level 3 of the Elven Halls
 41982 | Elf:3    | Found Pobbivo's Jewellery Emporium.
 42015 | Elf:3    | Bought the ring of Ru's Hope {Wiz Contam rPois Will++ SInv}
                  | for 1022 gold pieces
 42022 | Elf:3    | You finish taking off the quicksilver dragon scales
                  | "Ihadomm" {rF+ Will+ MP+9, rare}.
 42068 | Elf:3    | Reached skill level 11 in Invocations
 42484 | Elf:3    | Noticed Aizul
 42509 | Elf:3    | Killed Aizul
 42586 | Elf:3    | Reached XP level 20. HP: 226/236 MP: 28/28
 42688 | Elf:3    | Reached skill level 12 in Invocations
 43115 | Elf:3    | Reached skill level 13 in Invocations
 43141 | Elf:3    | Identified the +10 arbalest of the Imperium {speed, Fragile
                  | rElec Will+}
 43154 | Elf:3    | Reached skill level 14 in Invocations
 43154 | Arena    | Entered the Arena
 43182 | Elf:3    | Identified the ring "Tethragi" {Fly rC- rN+++ Str-4 Int+6}
 43188 | Elf:3    | a deep elf knight comes into view. It is wielding the +8
                  | Vampire's Tooth {vamp}.
 43192 | Elf:3    | HP: 57/236 [deep elf zephyrmancer/bolt of lightning (7)]
 43553 | Elf:3    | Identified the +8 quarterstaff "Nyeczux" {chaos, rF++ Will+
                  | Dex+3 Stlth+}
 43560 | Elf:3    | Received a gift from Okawaru
 43574 | Elf:3    | Found the +10 tower shield of Ignorance {rN+ Int-4}
 43637 | Elf:3    | You pick up a book of Chaos and begin reading...
 43637 | Elf:3    | You add the spells Disjunction and Discord to your library.
 43678 | Elf:3    | You add the spells Foxfire and Iskenderun's Mystic Blast to
                  | your library.
 43678 | Elf:3    | Got the Papyrus of Incandescence and Direction
 44032 | Spider:1 | Reached skill level 1 in Shields
 44118 | Spider:2 | Reached skill level 2 in Shields
 44273 | Spider:2 | Noticed Arachne
 44284 | Spider:2 | Killed Arachne
 44342 | Spider:2 | Reached skill level 3 in Shields
 44576 | Spider:2 | Reached skill level 4 in Shields
 44778 | Spider:2 | Reached skill level 5 in Shields
 44818 | Spider:2 | HP: 39/236 [disintegration (45)]
 44940 | Spider:2 | Reached skill level 6 in Shields
 45056 | Spider:2 | Reached skill level 7 in Shields
 45604 | Spider:3 | Reached skill level 8 in Shields
 45825 | Spider:3 | Reached XP level 21. HP: 245/245 MP: 23/32
 46043 | Spider:3 | Reached skill level 8 in Axes
 46470 | Spider:4 | Entered Level 4 of the Spider Nest
 46616 | Spider:4 | Identified the +2 robe "Hoyqiyno" {Will+} (Okawaru gifted
                  | it to you on level 4 of the Spider Nest)
 46616 | Spider:4 | Received a gift from Okawaru
 46679 | Spider:4 | Reached skill level 9 in Shields
 46934 | Spider:4 | Identified the +0 pair of gloves of Limiw {rC- Regen+
                  | Dex+4}
 47263 | Spider:4 | Reached skill level 9 in Axes
 47356 | Spider:4 | Reached skill level 10 in Shields
 47427 | Spider:4 | Got a gossamer rune of Zot
 48035 | Depths:4 | Noticed a golden dragon
 48037 | Depths:4 | Noticed a golden dragon
 48038 | Depths:4 | Found a gate to the Realm of Zot.
 48066 | Depths:4 | Killed a golden dragon
 48077 | Depths:4 | Killed a golden dragon
 48077 | Depths:4 | Identified +0 gold dragon scales
 48083 | Depths:4 | Reached skill level 10 in Axes
 48085 | Depths:4 | You drop the quicksilver dragon scales "Ihadomm" {rF+ Will+
                  | MP+9, rare}.
 48087 | Depths:4 | Z - +0 storm dragon scales {rare}
 48087 | Depths:4 | +0 gold dragon scales {rare}; a storm dragon corpse; a
                  | golden dragon corpse
 48088 | Depths:4 | You drop +0 storm dragon scales {rare}.
 48091 | Depths:4 | Z - +0 gold dragon scales {rare}
 48091 | Depths:4 | +0 storm dragon scales {rare}; a storm dragon corpse; a
                  | golden dragon corpse
 48115 | Depths:3 | You finish putting on your +0 gold dragon scales {rare}.
 48125 | Depths:3 | your +0 gold dragon scales {rare} glow green for a moment.
 48126 | Depths:3 | your +1 gold dragon scales {rare} glow green for a moment.
 48127 | Depths:3 | your +2 gold dragon scales {rare} glow green for a moment.
 48128 | Depths:3 | your +3 gold dragon scales {rare} glow green for a moment.
 48129 | Depths:3 | your +4 gold dragon scales {rare} glow green for a moment.
 48130 | Depths:3 | your +5 gold dragon scales {rare} glow green for a moment.
 48131 | Depths:3 | your +6 gold dragon scales {rare} glow green for a moment.
 48132 | Depths:3 | your +7 gold dragon scales {rare} glow green for a moment.
 48133 | Depths:3 | your +8 gold dragon scales {rare} glow green for a moment.
 48134 | Depths:3 | your +9 gold dragon scales {rare} glow green for a moment.
 48135 | Depths:3 | your +10 gold dragon scales {rare} glow green for a moment.
 48136 | Depths:3 | your +11 gold dragon scales {rare} glow green for a moment.
 48325 | Depths:4 | Found a one-way gateway to a ziggurat.
 48403 | Depths:4 | Reached skill level 11 in Shields
 48454 | Depths:4 | Killed a caustic shrike
 48460 | Depths:4 | Killed a caustic shrike
 48468 | Depths:4 | Killed a caustic shrike
 48468 | Depths:4 | Received a gift from Okawaru
 48718 | Depths:4 | Reached skill level 12 in Shields
 48912 | Depths:4 | Noticed Margery
 48946 | Depths:4 | Killed Margery
 48947 | Depths:4 | Reached skill level 13 in Shields
 49195 | Depths:4 | Bought a potion of might for 76 gold pieces
 49195 | Depths:4 | Bought a potion of might for 76 gold pieces
 49237 | Depths:4 | Noticed a juggernaut
 49276 | Depths:4 | Reached XP level 22. HP: 250/251 MP: 24/33
 49285 | Depths:4 | Noticed a juggernaut
 49520 | Hell     | Received a gift from Okawaru
 49848 | Hell     | Reached skill level 14 in Shields
 49886 | Hell     | Gained mutation: You occasionally lose the ability to drink
                  | potions when taking damage. [a cacodemon]
 49891 | Hell     | Gained mutation: You are weak. (Str -2) [a cacodemon]
 49899 | Hell     | Gained mutation: You are agile. (Dex +4, Str/Int -1) [a
                  | cacodemon]
 50384 | Depths:4 | Reached skill level 15 in Shields
 50889 | Zig:1    | Entered Level 1 of a ziggurat
 50922 | Zig:2    | Entered Level 2 of a ziggurat
 50948 | Zig:2    | Identified the +11 flail "Nozorah" {freeze, +Blink}
 50955 | Zig:3    | Entered Level 3 of a ziggurat
 51103 | Zig:4    | Entered Level 4 of a ziggurat
 51157 | Zig:4    | You add the spells Stone Arrow, Sticky Flame and Ignition
                  | to your library.
 51157 | Zig:4    | Got Sif Muna's Tome of the Arsonist and the Boulder
 51269 | Zig:5    | Entered Level 5 of a ziggurat
 51272 | Zig:5    | Noticed Waffenkat the pandemonium lord
 51308 | Zig:5    | Found the +11 plutonium sword {Contam Stlth-}
 51321 | Zig:5    | You are cast into the Abyss!
 51321 | Abyss:5  | Cast into level 5 of the Abyss (Waffenkat)
 51449 | Abyss:5  | Reached skill level 16 in Shields
 51460 | Abyss:5  | Received a gift from Okawaru
 51571 | Abyss:5  | Received a gift from Okawaru
 51623 | Abyss:5  | Reached ****** piety under Okawaru
 51639 | Zig:5    | You pass through the gate.
 51639 | Zig:5    | Escaped the Abyss
 51665 | Zig:5    | Killed Waffenkat the pandemonium lord
 51970 | Zig:5    | Lost mutation: You have sharp fingernails. [potion of
                  | mutation]
 51970 | Zig:5    | Lost mutation: You are agile. (Dex +4, Str/Int -1) [potion
                  | of mutation]
 51970 | Zig:5    | Lost mutation: You have a beak for a mouth. [potion of
                  | mutation]
 51970 | Zig:5    | Gained mutation: You possess an exceptional clarity of
                  | mind. [potion of mutation]
 51970 | Zig:5    | Lost mutation: You occasionally lose the ability to drink
                  | potions when taking damage. [potion of mutation]
 51970 | Zig:5    | Gained mutation: You are frail. (-10% HP) [potion of
                  | mutation]
 51971 | Zig:5    | Lost mutation: You are weak. (Str -2) [potion of mutation]
 51971 | Zig:5    | Lost mutation: You possess an exceptional clarity of mind.
                  | [potion of mutation]
 51971 | Zig:5    | Lost mutation: You are frail. (-10% HP) [potion of
                  | mutation]
 51971 | Zig:5    | Gained mutation: Your spells are harder to cast, but more
                  | powerful. [potion of mutation]
 51971 | Zig:5    | Gained mutation: You are robust. (+10% HP) [potion of
                  | mutation]
 51975 | Zig:6    | Entered Level 6 of a ziggurat
 51997 | Zig:6    | Received a gift from Okawaru
 52017 | Zig:6    | Reached skill level 17 in Shields
 52062 | Zig:6    | Identified the +1 short sword "Orb Guardian's Peril"
                  | {flame, Dex+4 SInv}
 52068 | Zig:6    | You pick up a book of Spatial Translocations and begin
                  | reading...
 52068 | Zig:6    | You add the spells Blink and Momentum Strike to your
                  | library.
 52289 | Vaults:1 | Entered Level 1 of the Vaults
 52461 | Vaults:1 | Reached skill level 3 in Throwing
 52473 | Vaults:1 | Found a runed translucent gate.
 52473 | Vaults:1 | Found a runed translucent gate.
 52473 | Vaults:1 | Found a runed translucent gate.
 52650 | Vaults:1 | Reached skill level 4 in Throwing
 52655 | Vaults:1 | Found Orril's Distillery.
 52678 | Vaults:1 | Reached XP level 23. HP: 289/289 MP: 25/34
 52682 | Vaults:1 | Bought a potion of heal wounds for 80 gold pieces
 52931 | Vaults:1 | Found Qeokoikh's Antique Weapon Shop.
 52947 | Vaults:1 | Reached skill level 5 in Throwing
 52951 | Vaults:1 | Received a gift from Okawaru
 52951 | Vaults:1 | Found the +4 skin of Zhor {*Englaciate rC+++ SInv}
 53088 | Vaults:1 | Reached skill level 6 in Throwing
 53376 | Vaults:1 | Found Heqalur's Jewellery Boutique.
 53412 | Vaults:1 | Bought the ring of Shadows {Umbra +Inv Stlth+} for 680 gold
                  | pieces
 53412 | Vaults:1 | Found the ring of Shadows {Umbra +Inv Stlth+}
 53494 | Vaults:1 | Reached skill level 7 in Throwing
 53527 | Vaults:1 | Reached skill level 8 in Throwing
 53528 | Vaults:1 | Found a runed translucent gate.
 53528 | Vaults:1 | Found a runed translucent gate.
 53533 | Vaults:1 | Found a runed translucent gate.
 53533 | Vaults:1 | Noticed Gnu's ghost (adept DrFE)
 53582 | Vaults:1 | Killed Gnu's ghost
 53591 | Vaults:1 | Identified the +2 hat of Weemexen {rElec rPois rN+ Slay+5}
 53824 | Vaults:2 | Reached skill level 9 in Throwing
 53942 | Vaults:2 | Reached skill level 10 in Throwing
 53976 | Vaults:2 | Identified the +1 steam dragon scales of Fortitude {Int+6
                  | Dex-4 SInv} (Okawaru gifted it to you on level 2 of the
                  | Vaults)
 53976 | Vaults:2 | Received a gift from Okawaru
 54341 | Vaults:2 | Noticed Zenata
 54348 | Vaults:2 | Reached skill level 11 in Throwing
 54665 | Vaults:2 | Killed Zenata
 54667 | Vaults:2 | D - a +2 triple sword {longrare=g}
 54729 | Vaults:2 | Found Afyptih's Book Boutique.
 55009 | Vaults:2 | You drop a +2 triple sword {longrare=g}.
 55234 | Vaults:3 | Identified the +0 helmet of Beogh's Hatred {Fly rC- Regen+
                  | SInv}
 55733 | Vaults:3 | Found a staircase to the Crypt.
 55876 | Vaults:3 | HP: 73/292 [orc knight/+0 great mace (26)]
 55876 | Vaults:3 | HP: 35/292 [tengu reaver/bolt of acid (38)]
 55881 | Vaults:3 | HP: 29/292 [poisoned by a tengu reaver (bolt of poison)]
 55918 | Vaults:3 | HP: 53/292 [tengu reaver/bolt of lightning (8)]
 55947 | Vaults:3 | HP: 60/292 [tengu reaver/bolt of lightning (13)]
 56447 | Vaults:3 | You fall into a shaft and drop 1 floor!
 56485 | Vaults:4 | Reached skill level 23 in Fighting
 56523 | Vaults:4 | You pick up a book of Flames and begin reading...
 56523 | Vaults:4 | You add the spells Inner Flame and Flame Wave to your
                  | library.
 56585 | Vaults:4 | Received a gift from Okawaru
 56895 | Vaults:4 | Reached XP level 24. HP: 308/308 MP: 24/34
 57033 | Vaults:4 | Reached skill level 24 in Fighting
 57535 | Vaults:4 | Found Gaelyff's Book Emporium.
 57775 | Vaults:3 | Identified the ring of Loev Wic {rC+ EV+4}
 57863 | Vaults:3 | Reached skill level 25 in Fighting
 58011 | Vaults:4 | magus.rc [v1.9.6]
 58073 | Vaults:5 | Entered Level 5 of the Vaults
 58096 | Vaults:5 | Identified the +7 war axe of Wariness {venom, Int+3}
                  | (Okawaru gifted it to you on level 5 of the Vaults)
 58096 | Vaults:5 | Received a gift from Okawaru
 58461 | Vaults:5 | Reached skill level 26 in Fighting
 58634 | Vaults:5 | Reached skill level 27 in Fighting
 58648 | Vaults:5 | +0 storm dragon scales {rare}; a storm dragon corpse
 58707 | Vaults:5 | Identified the +10 great sword of Excruciating Pain {drain,
                  | rPois MP+9 Dex+3}
 58752 | Vaults:5 | Received a gift from Okawaru
 58812 | Vaults:5 | Received a gift from Okawaru
 58842 | Vaults:5 | Found Bittas's Armour Shoppe.
 58860 | Vaults:5 | Identified +0 gold dragon scales
 58861 | Vaults:5 | Gained mutation: You occasionally lose the ability to read
                  | scrolls when taking damage. [a shining eye]
 58870 | Vaults:5 | +0 shadow dragon scales {rare}; a shadow dragon corpse
 58879 | Vaults:5 | Got the Disquisition on the Feathery Summer
 58891 | Vaults:5 | +0 shadow dragon scales {rare}; a shadow dragon corpse
 58891 | Vaults:5 | +0 shadow dragon scales {rare}; a shadow dragon corpse
 58891 | Vaults:5 | Could not pick up +0 shadow dragon scales {rare} here;
                  | ([A]lways) ignore it?
 58893 | Vaults:5 | +0 gold dragon scales {rare}; a golden dragon corpse
 58893 | Vaults:5 | +0 gold dragon scales {rare}; a golden dragon corpse
 58893 | Vaults:5 | Could not pick up +0 gold dragon scales {rare} here;
                  | ([A]lways) ignore it?
 58898 | Vaults:5 | Lost mutation: You are robust. (+10% HP) [potion of
                  | mutation]
 58898 | Vaults:5 | Lost mutation: You occasionally lose the ability to read
                  | scrolls when taking damage. [potion of mutation]
 58898 | Vaults:5 | Gained mutation: You have sharp toenails. [potion of
                  | mutation]
 58898 | Vaults:5 | Gained mutation: You are somewhat resistant to further
                  | mutation. [potion of mutation]
 58921 | Vaults:5 | +0 gold dragon scales {rare}; a golden dragon corpse
 58926 | Vaults:5 | Identified the +1 scale mail "Durilo" {Harm Will+ Int+8
                  | Dex-4}
 58931 | Vaults:5 | +0 shadow dragon scales {rare}; a shadow dragon corpse
 58933 | Vaults:5 | +0 gold dragon scales {rare}; a golden dragon corpse
 58955 | Vaults:5 | +0 gold dragon scales {rare}; a golden dragon corpse
 58969 | Vaults:5 | You pick up a book of Armaments and begin reading...
 59109 | Vaults:5 | Reached skill level 15 in Armour
 59142 | Vaults:5 | Identified the amulet of Eternity {Drain rF+ Regen+ MP+9}
 59220 | Vaults:5 | Reached XP level 25. HP: 294/301 MP: 34/34
 59226 | Vaults:5 | a +1 executioner's axe of holy wrath {axerare=g}; a +0
                  | scale mail
 59226 | Vaults:5 | a +1 executioner's axe of holy wrath {axerare=g}; a +0
                  | scale mail
 59226 | Vaults:5 | Could not pick up a +1 executioner's axe of holy wrath
                  | {axerare=g} here; ([A]lways) ignore it?
 59228 | Vaults:5 | Could not pick up +0 storm dragon scales {rare} here;
                  | ([A]lways) ignore it?
 59228 | Vaults:5 | Could not pick up +0 storm dragon scales {rare} here;
                  | ([A]lways) ignore it?
 59294 | Vaults:5 | You pick up a book of the Senses and begin reading...
 59294 | Vaults:5 | You add the spells Dazzling Flash and Agony to your
                  | library.
 59310 | Vaults:5 | Identified the +6 plate armour of Spite {rPois Dex+5}
 59337 | Vaults:5 | Identified +0 gold dragon scales
 59355 | Vaults:5 | quicksilver dragon scales {rare}; a quicksilver dragon
                  | corpse
 59355 | Vaults:5 | quicksilver dragon scales {rare}; a quicksilver dragon
                  | corpse
 59355 | Vaults:5 | Could not pick up quicksilver dragon scales {rare} here;
                  | ([A]lways) ignore it?
 59368 | Vaults:5 | You pick up a book of Frost and begin reading...
 59368 | Vaults:5 | You add the spells Freeze and Frozen Ramparts to your
                  | library.
 59370 | Vaults:5 | Got a silver rune of Zot
 59381 | Vaults:5 | You pick up a book of the Sky and begin reading...
 59403 | Vaults:5 | Received a gift from Okawaru
 59557 | Vaults:5 | Got the Precepts of Necromancy
 59563 | Vaults:5 | You add the spells Kiss of Death and Statue Form to your
                  | library.
 59563 | Vaults:5 | Got Arghikuy's Spellbook of Energetic Metal
 59699 | Vaults:5 | Identified the +1 quarterstaff "Gram" {vamp, rC+ rN++}
 59825 | Vaults:5 | Reached skill level 16 in Armour
 60146 | Vaults:2 | O - a +2 triple sword {longrare=g}
 60147 | Vaults:2 | You drop a +2 triple sword {longrare=g}.
 60410 | Shoals:1 | Entered Level 1 of the Shoals
 60411 | Shoals:1 | Upgraded the game from 0.30-a0-475-g03497ec522 to
                  | 0.30-a0-476-g330ca2eb8e
 60411 | Shoals:1 | magus.rc [v1.9.6]
 60559 | Shoals:1 | You are sucked into a shaft and drop 1 floor!
 60562 | Shoals:2 | You pick up a book of Power and begin reading...
 61210 | Shoals:1 | Noticed Roxanne
 61236 | Shoals:1 | Killed Roxanne
 61238 | Shoals:1 | You pick up a book of Sloth and begin reading...
 61238 | Shoals:1 | You add the spells Petrify and Metabolic Englaciation to
                  | your library.
 61410 | Shoals:2 | Noticed Ilsuiw
 61422 | Shoals:2 | Killed Ilsuiw
 61457 | Shoals:2 | Noticed Nikola
 61477 | Shoals:2 | Killed Nikola
 61603 | Shoals:2 | You pick up a book of Conjurations {@e2} and begin
                  | reading...
 61603 | Shoals:2 | You add the spells Magic Dart, Searing Ray and Fulminant
                  | Prism to your library.
 61605 | Shoals:2 | Identified the +6 whip "Iwogeu Mukh" {vorpal, *Corrode
                  | rPois rC+ Dex+2}
 62175 | Shoals:3 | Noticed Donald
 62189 | Shoals:3 | Killed Donald
 62192 | Shoals:3 | Received a gift from Okawaru
 62195 | Shoals:3 | O - a +0 eveningstar {macerare=g}
 62232 | Shoals:3 | Reached skill level 17 in Armour
 62928 | Shoals:4 | Entered Level 4 of the Shoals
 62968 | Shoals:4 | Found Yneren's Antique Weapon Shop.
 63003 | Shoals:4 | Received a gift from Okawaru
 63026 | Shoals:4 | Got the Spellbook of Transposition and the Throng
 63289 | Shoals:4 | Got a barnacled rune of Zot
 63650 | Shoals:4 | You pick up a book of Alchemy and begin reading...
 63877 | Shoals:4 | Identified the ring "Toxte" {rN+++ Will+ Int-5 SInv Stlth-}
 63890 | Shoals:4 | Reached skill level 18 in Armour
 64413 | Zot:1    | Entered Level 1 of the Realm of Zot
 64651 | Zot:1    | Received a gift from Okawaru
 64693 | Zot:1    | Identified the ring "Zicuj" {Ice rCorr}
 64693 | Zot:1    | Noticed Josephina
 64694 | Zot:1    | Reached skill level 18 in Shields
 64719 | Zot:1    | Killed Josephina
 64729 | Zot:1    | Reached XP level 26. HP: 300/314 MP: 28/34
 64759 | Zot:1    | Got the Directory of Bile
 64889 | Zot:1    | You pick up a book of the Dragon and begin reading...
 64978 | Zot:1    | +0 storm dragon scales {rare}; a storm dragon corpse
 65283 | Zot:1    | Found a runed translucent door.
 65287 | Zot:1    | Noticed Ahiemauce's ghost (veteran DrSu)
 65348 | Zot:1    | Killed Ahiemauce's ghost
 65357 | Zot:1    | Identified the +1 chain mail of Woihow {rC+ Slay+3}
 65399 | Zot:1    | +0 storm dragon scales {rare}; a storm dragon skeleton
 65495 | Zot:2    | Noticed a curse toe
 65510 | Zot:2    | quicksilver dragon scales {rare}; a quicksilver dragon
                  | corpse
 65514 | Zot:2    | Killed a curse toe
 65515 | Zot:2    | Reached skill level 19 in Shields
 65768 | Zot:2    | Noticed an orb of fire
 65768 | Zot:2    | Noticed a curse toe
 65784 | Zot:2    | Received a gift from Okawaru
 65804 | Zot:2    | HP: 78/314 [orb of fire/bolt of fire (24)]
 65812 | Zot:2    | HP: 63/314 [orb of fire/fireball (17)]
 65822 | Zot:2    | Killed an orb of fire
 66189 | Zot:2    | Killed a curse toe
 66197 | Zot:2    | Received a gift from Okawaru
 66248 | Zot:2    | Reached skill level 20 in Shields
 66790 | Zot:3    | You fall into a shaft and drop 1 floor!
 66957 | Zot:4    | Found a transporter.
 66958 | Zot:4    | Found a shimmering blue altar of Sif Muna.
 67018 | Zot:3    | Noticed a curse toe
 67031 | Zot:3    | Killed a curse toe
 67032 | Zot:3    | Reached skill level 21 in Shields
 67221 | Zot:3    | Noticed a curse toe
 67240 | Zot:3    | Found a transporter.
 67342 | Zot:3    | Found the +4 dragonskin cloak
 67342 | Zot:3    | Tiamat, Avatar of the Dragonlord comes into view. She is
                  | wielding a +2 glaive of flaming and wearing the +4
                  | dragonskin cloak.
 67342 | Zot:3    | Noticed Tiamat
 67365 | Zot:3    | Received a gift from Okawaru
 67464 | Zot:3    | Killed Tiamat
 67629 | Zot:3    | Found a transporter.
 67748 | Zot:3    | Received a gift from Okawaru
 67765 | Zot:3    | Got the Opusculum on Shadowy Variation
 67842 | Zot:3    | Reached skill level 22 in Shields
 67934 | Zot:3    | Killed a curse toe
 67934 | Zot:3    | Received a gift from Okawaru
 67935 | Zot:3    | Reached XP level 27. HP: 323/323 MP: 19/34
 67938 | Zot:3    | a +1 vorpal double sword {longrare=g}; a moth of wrath
                  | corpse
 67998 | Zot:3    | a +1 vorpal double sword {longrare=g}; a moth of wrath
                  | corpse
 67998 | Zot:3    | a +1 vorpal double sword {longrare=g}; a moth of wrath
                  | corpse
 67998 | Zot:3    | Could not pick up a +1 vorpal double sword {longrare=g}
                  | here; ([A]lways) ignore it?
 68018 | Zot:3    | Identified the ring "Quhaejec" {rC+ rN+ Int+3}
 68020 | Zot:3    | Identified the +2 hat of the Swamp {+Inv rPois Regen+
                  | Str-4}
 68137 | Zot:4    | Noticed a dread lich
 68250 | Zot:4    | Noticed a curse toe
 68265 | Zot:4    | Killed a curse toe
 68418 | Zot:4    | Noticed a dread lich
 68549 | Zot:4    | Noticed a curse toe
 68722 | Zot:4    | +0 storm dragon scales {rare}; a storm dragon corpse
 68758 | Zot:4    | Reached skill level 23 in Shields
 69112 | Zot:4    | Killed a dread lich
 69130 | Zot:4    | Killed a curse toe
 69159 | Zot:4    | Killed a dread lich
 69163 | Zot:4    | Received a gift from Okawaru
 69267 | Zot:4    | Got the Handbook of Pestilence
 69296 | Zot:4    | You pick up a book of Burglary and begin reading...
 69298 | Zot:4    | You pick up a book of Misfortune and begin reading...
 69300 | Zot:4    | You pick up a book of Chaos and begin reading...
 69314 | Zot:4    | Found a transporter.
 69368 | Zot:5    | Entered Level 5 of the Realm of Zot
 69961 | Zot:5    | Noticed an orb of fire
 69962 | Zot:5    | Reached skill level 24 in Shields
 70001 | Zot:5    | Killed an orb of fire
 70001 | Zot:5    | Noticed a dread lich
 70011 | Zot:5    | Killed a dread lich
 70012 | Zot:5    | Noticed an orb of fire
 70024 | Zot:5    | Gained mutation: You are clumsy. (Dex -2) [an orb of fire]
 70026 | Zot:5    | Killed an orb of fire
 70027 | Zot:5    | Noticed an orb of fire
 70034 | Zot:5    | Killed an orb of fire
 70034 | Zot:5    | Noticed an orb of fire
 70049 | Zot:5    | Killed an orb of fire
 70049 | Zot:5    | Noticed an orb of fire
 70063 | Zot:5    | Killed an orb of fire
 70063 | Zot:5    | Received a gift from Okawaru
 70069 | Zot:5    | Noticed an orb of fire
 70085 | Zot:5    | Gained mutation: You are very clumsy. (Dex -4) [an orb of
                  | fire]
 70090 | Zot:5    | Killed an orb of fire
 70091 | Zot:5    | Noticed an orb of fire
 70097 | Zot:5    | Gained mutation: Armour fits poorly on your strangely
                  | shaped body. [an orb of fire]
 70102 | Zot:5    | Killed an orb of fire
 70102 | Zot:5    | Noticed an orb of fire
 70103 | Zot:5    | Reached skill level 25 in Shields
 70113 | Zot:5    | Killed an orb of fire
 70125 | Zot:5    | Identified the +1 robe of Quiet Fog {rF+ Will- SInv}
                  | (Okawaru gifted it to you on level 5 of the Realm of Zot)
 70125 | Zot:5    | Received a gift from Okawaru
 70389 | Zot:5    | Noticed an electric golem
 70404 | Zot:5    | Killed an electric golem
 70435 | Zot:5    | Reached skill level 26 in Shields
 70490 | Zot:5    | Noticed an electric golem
 70503 | Zot:5    | Killed an electric golem
 70532 | Zot:5    | Lost mutation: You are very clumsy. (Dex -4) [potion of
                  | mutation]
 70532 | Zot:5    | Lost mutation: You are somewhat resistant to further
                  | mutation. [potion of mutation]
 70532 | Zot:5    | Lost mutation: Your spells are harder to cast, but more
                  | powerful. [potion of mutation]
 70532 | Zot:5    | Gained mutation: You are very clumsy. (Dex -4) [potion of
                  | mutation]
 70532 | Zot:5    | Gained mutation: You have a pair of small horns on your
                  | head. [potion of mutation]
 70532 | Zot:5    | Gained mutation: Your mind is acute. (Int +4, Str/Dex -1)
                  | [potion of mutation]
 70533 | Zot:5    | Lost mutation: Your mind is acute. (Int +4, Str/Dex -1)
                  | [potion of mutation]
 70533 | Zot:5    | Lost mutation: Armour fits poorly on your strangely shaped
                  | body. [potion of mutation]
 70565 | Zot:5    | Got the Orb of Zot
 71220 | D:$      | Escaped with the Orb!

Vanquished Creatures
  Tiamat (Zot:3)
  3 dread liches
  9 orbs of fire
  A juggernaut (Depths:2)
  2 royal mummies (Depths:3)
  Josephina (Zot:1)
  The ghost of Ahiemauce the Slayer, a veteran DrSu of Gozag (Zot:1)
  Margery (Depths:4)
  3 Killer Klowns (Zot:5)
  A pandemonium lord (Zig:5)
  Bai Suzhen (Depths:1)
  6 curse toes
  8 caustic shrikes
  The ghost of Gnu the Gelid, an adept DrFE of Vehumet (Vaults:1)
  8 golden dragons
  Nikola (Shoals:2)
  2 bone dragons (Abyss:5)
  A Tzitzimitl (D:7)
  Arachne (Spider:2)
  2 electric golems (Zot:5)
  19 tentacled monstrosities
  Rupert (D:14)
  Jorgrun (D:14)
  4 liches
  Zenata (Vaults:2)
  A walking earthen tome (Depths:4)
  27 Orb Guardians
  4 acid blobs
  A walking divine tome (Depths:2)
  Mlioglotl (Spider:1)
  A deep elf master archer (Elf:3)
  9 quicksilver dragons
  5 titans
  2 krakens
  2 tentacled starspawn (Abyss:5)
  7 sphinxes
  12 shadow dragons
  14 death cobs
  Donald (Shoals:3)
  5 tengu reavers
  16 storm dragons
  Ilsuiw (Shoals:2)
  Roxanne (Shoals:1)
  4 draconian monks
  A frost giant (shapeshifter) (Zig:5)
  2 draconian knights
  14 vault wardens
  2 rockslimes (Zig:6)
  3 iron dragons (Vaults:5)
  12 frost giants
  A fire giant (shapeshifter) (Depths:4)
  8 deep elf sorcerers
  10 fire giants
  5 emperor scorpions
  A balrug (Abyss:5)
  8 draconian shifters
  2 juggernaut zombies (Hell)
  20 ironbound preservers
  3 cacodemons
  7 draconian stormcallers
  7 stone giants
  Aizul (Elf:3)
  16 draconian scorchers
  3 deep elf elementalists (Elf:3)
  5 orc warlords
  A ghoul (Vaults:3)
  12 draconian annihilators
  The ghost of Qbowser99 the Thaumaturge, a journeyman GnFE of Vehumet (Orc:2)
  8 ghost moths
  A quicksilver ooze (shapeshifter) (Zig:5)
  5 war gargoyles
  2 reapers (Depths:4)
  4 ironbound thunderhulks
  5 spriggan defenders
  3 broodmothers
  21 very ugly things
  Nessos (D:14)
  9 deep elf demonologists
  14 green draconians
  A demonspawn black sun (Zot:3)
  Azrael (Arena)
  15 red draconians
  2 vampire knights
  10 deep elf annihilators
  4 lorocyprocas
  11 yellow draconians
  3 dire elephants (Vaults:2)
  14 black draconians
  A minotaur (Orc:2)
  10 spark wasps
  9 purple draconians
  A crystal guardian (Vaults:4)
  3 blizzard demons
  8 white draconians
  A jiangshi (Zig:1)
  4 mummy priests (Depths:3)
  8 great orbs of eyes
  4 merfolk javelineers (Shoals:4)
  6 entropy weavers
  2 green deaths
  7 fire dragons
  11 ettins
  4 deep elf death magi
  11 merfolk impalers
  17 yaktaur captains
  2 deep elf high priests
  3 hydras
  11 spriggan air magi
  A radroach (Spider:2)
  31 vault guards
  A catoblepas (Lair:3)
  A hell beast (D:10)
  4 rakshasas
  A peacekeeper (Vaults:4)
  3 jorogumos
  9 ice dragons
  4 boulder beetles
  10 centaur warriors
  3 merfolk avatars
  2 death knights
  8 ironbound frosthearts
  17 dancing weapons
  Erica (D:9)
  5 satyrs
  9 death yaks
  3 deep troll shamans
  7 deep troll earth magi
  2 two-headed ogres
  9 merfolk aquamancers
  4 hell hogs
  3 orc high priests
  8 large abominations
  A vampire mage (Depths:2)
  2 spriggan berserkers
  Urug (D:13)
  6 tengu warriors
  A thrashing horror (Abyss:5)
  8 sun demons
  13 hell knights
  6 soul eaters
  Sonja (Lair:1)
  17 deep elf knights
  12 sea snakes
  A goliath frog (Lair:5)
  3 sixfirhies
  4 sun moths
  11 pharaoh ants
  A flayed ghost (Depths:2)
  6 skeletal warriors
  A wretched star (Abyss:5)
  9 iron trolls
  A shadow wraith (Zig:1)
  A spark wasp zombie (Hell)
  3 steelbarb worms
  Lodul (D:14)
  A deep troll (shapeshifter) (Vaults:5)
  6 glowing orange brains
  74 deep trolls
  15 ironbound convokers
  15 orb spiders
  10 harpies
  8 lindwurms
  3 wizards
  17 deep elf archers
  2 obsidian statues (Zig:6)
  17 orc knights
  2 sphinx zombies (Hell)
  25 deep elf zephyrmancers
  6 necromancers
  6 phantasmal warriors (Vaults:5)
  A fire giant zombie (Hell)
  31 deep elf pyromancers
  6 orc sorcerers
  27 ugly things
  30 wolf spiders
  A salamander (shapeshifter) (Elf:2)
  9 manticores
  A shining eye (Abyss:5)
  8 fauns
  A stone giant zombie (Hell)
  3 cyclopes
  Joseph (D:7)
  Maurice (D:8)
  6 merfolk sirens
  3 elephants (Lair:3)
  2 rust devils
  2 shining eyes (shapeshifter)
  3 ice statues
  A black mamba (shapeshifter) (Vaults:1)
  3 torpor snails
  10 vault sentinels
  2 black mambas
  An eye of devastation (Abyss:5)
  A molten gargoyle (Hell)
  An eye of devastation (shapeshifter) (Abyss:5)
  2 guardian serpents (shapeshifter)
  39 moths of wrath
  5 water nymphs
  8 smoke demons
  2 gargoyles (D:12)
  2 storm dragon simulacra (Zot:1)
  5 spriggan zombies (Hell)
  5 unseen horrors
  A hellion (Hell)
  A kobold demonologist (D:12)
  30 cane toads
  5 orange demons
  13 demonic crawlers
  3 rime drakes
  3 efreet
  35 yaktaurs
  6 freezing wraiths
  3 red devils (D:13)
  3 ancient zymes (Abyss:5)
  2 hellwings
  11 komodo dragons
  7 trolls
  4 ice devils
  4 tengu conjurers
  A burning bush (Lair:2)
  2 guardian mummies (Depths:3)
  13 polar bears
  2 tyrant leeches (Lair:5)
  6 wind drakes
  A meliai (shapeshifter) (Vaults:1)
  22 tarantellas
  36 merfolk
  3 meliai
  A raiju (shapeshifter) (D:14)
  9 hornets
  2 blink frogs (shapeshifter)
  11 slime creatures
  11 snapping turtles
  18 blink frogs
  7 raiju (Abyss:5)
  2 culicivoras (shapeshifter)
  21 water elementals
  A jumping spider (shapeshifter) (Vaults:1)
  20 jumping spiders
  Sigmund (D:2)
  34 culicivoras
  2 ettin zombies (Hell)
  7 spriggans
  6 wraiths
  2 air elementals
  4 wyverns
  4 ynoxinuls
  55 yaks
  16 humans (D:14)
  3 neqoxecs
  2 basilisks (Lair:4)
  8 fire elementals
  Grum (D:9)
  A human (shapeshifter) (Vaults:1)
  A sea snake simulacrum (Hell)
  A steam dragon (D:7)
  10 chaos spawn
  Menkaure (D:7)
  59 redbacks
  16 vampire mosquitoes
  7 acid dragons
  A moth of wrath simulacrum (Zot:1)
  A floating eye (Zig:6)
  5 hell hounds
  9 water moccasins
  A meliai simulacrum (D:14)
  An ice beast (shapeshifter) (Vaults:1)
  4 boggarts (Lair:4)
  40 orc warriors
  5 black bears
  5 ice beasts
  A sky beast (D:7)
  5 centaurs
  18 ogres
  40 wolves
  3 phantoms
  2 kobold brigands
  13 bullfrogs
  A necrophage (D:6)
  4 small abominations (Depths:3)
  10 scorpions
  2 earth elementals
  15 wights
  17 jellies
  5 killer bees (D:10)
  6 electric eels
  4 howler monkeys
  A crimson imp (D:10)
  4 starcursed masses (Abyss:5)
  14 orc priests
  5 hounds
  2 gnoll boudas
  5 iguanas
  19 orc wizards
  5 hell rats (Hell)
  A mummy (Depths:3)
  10 gnolls
  12 adders
  2 shadow imps
  4 white imps
  3 ufetubi
  2 worms
  3 dart slugs (D:3)
  85 orcs
  12 endoplasms
  6 giant cockroaches
  10 goblins
  10 hobgoblins
  8 jackals
  2 quokkas
  9 ball pythons
  5 bats
  3 frilled lizards
  18 kobolds
  6 rats
  A bush (Shoals:3)
  3 starspawn tentacles (Abyss:5)
  4 tentacles
2335 creatures vanquished.

Vanquished Creatures (collateral kills)
  A golden eye (shapeshifter) (Vaults:1)
1 creature vanquished.

Vanquished Creatures (others)
  A draconian knight (Zot:4)
  A deep elf knight (Elf:3)
  A smoke demon (Hell)
  A tormentor (Hell)
  A draconian simulacrum (Zot:1)
  A water elemental (Shoals:3)
  An orc (Elf:2)
  A kobold (D:4)
  3 demonic plants (D:13)
  24 fungi
  116 plants
  4 starspawn tentacles (Abyss:5)
  6 tentacles
161 creatures vanquished.

Grand Total: 2497 creatures vanquished

Table legend:
 A = Non-vault XP
 B = Vault XP
 C = Vault XP percentage of total XP
 D = Non-vault monster count
 E = Vault monster count
 F = Vault count percentage of total count
                 A         B        C        D         E       F
            +---------+---------+-------+---------+---------+-------
      Total |  704756 |  727566 |  50.8 |    1371 |     951 |  41.0
            +---------+---------+-------+---------+---------+-------
        D:1 |      50 |       0 |   0.0 |      31 |       0 |   0.0
        D:2 |      56 |     223 |  79.9 |      18 |       1 |   5.3
        D:3 |     129 |      21 |  14.0 |      22 |       9 |  29.0
        D:4 |     606 |       0 |   0.0 |      28 |       0 |   0.0
        D:5 |    1145 |     731 |  39.0 |      30 |      16 |  34.8
        D:6 |    1186 |     144 |  10.8 |      19 |       3 |  13.6
        D:7 |     891 |     674 |  43.1 |      22 |       2 |   8.3
        D:8 |    1739 |    1613 |  48.1 |      19 |       8 |  29.6
        D:9 |    1398 |    1358 |  49.3 |       9 |       9 |  50.0
       D:10 |    1996 |      60 |   2.9 |      14 |       2 |  12.5
       D:11 |    4572 |       0 |   0.0 |      15 |       0 |   0.0
       D:12 |    8941 |       0 |   0.0 |      30 |       0 |   0.0
       D:13 |    8296 |    9049 |  52.2 |      22 |      19 |  46.3
       D:14 |    5180 |   10950 |  67.9 |      12 |      28 |  70.0
       D:15 |   11354 |    2885 |  20.3 |      18 |       3 |  14.3
     Lair:1 |    2491 |    2459 |  49.7 |      10 |       6 |  37.5
     Lair:2 |    6748 |    1894 |  21.9 |      27 |      10 |  27.0
     Lair:3 |    6098 |    2258 |  27.0 |      18 |      13 |  41.9
     Lair:4 |    6187 |    1733 |  21.9 |      23 |      24 |  51.1
     Lair:5 |    3946 |    9903 |  71.5 |      15 |      36 |  70.6
   Shoals:1 |   13415 |    1349 |   9.1 |      27 |       1 |   3.6
   Shoals:2 |    9467 |    8777 |  48.1 |      19 |      10 |  34.5
   Shoals:3 |   11477 |    3960 |  25.7 |      24 |       6 |  20.0
   Shoals:4 |   12693 |   19544 |  60.6 |      27 |      34 |  55.7
   Spider:1 |   15466 |    1601 |   9.4 |      46 |       1 |   2.1
   Spider:2 |   18418 |   16988 |  48.0 |      46 |      36 |  43.9
   Spider:3 |   21394 |       0 |   0.0 |      49 |       0 |   0.0
   Spider:4 |   18665 |   13749 |  42.4 |      42 |      29 |  40.8
      Orc:1 |    5251 |       0 |   0.0 |      38 |       0 |   0.0
      Orc:2 |    2127 |   10078 |  82.6 |      18 |      40 |  69.0
      Elf:1 |   15573 |   13165 |  45.8 |      25 |      20 |  44.4
      Elf:2 |   21308 |    2827 |  11.7 |      36 |       8 |  18.2
      Elf:3 |   26693 |   28608 |  51.7 |      44 |      26 |  37.1
   Vaults:1 |   22923 |   35280 |  60.6 |      33 |      42 |  56.0
   Vaults:2 |   28061 |    9047 |  24.4 |      45 |       9 |  16.7
   Vaults:3 |   19139 |   22132 |  53.6 |      29 |      27 |  48.2
   Vaults:4 |   18887 |   27764 |  59.5 |      22 |      33 |  60.0
   Vaults:5 |   22855 |  105059 |  82.1 |      36 |      98 |  73.1
   Depths:1 |   21096 |    7943 |  27.4 |      34 |      12 |  26.1
   Depths:2 |   27154 |   49348 |  64.5 |      36 |      38 |  51.4
   Depths:3 |   22677 |   22461 |  49.8 |      24 |      29 |  54.7
   Depths:4 |   51035 |   27955 |  35.4 |      52 |      25 |  32.5
       Hell |   14141 |   14876 |  51.3 |      25 |      25 |  50.0
      Zot:1 |   38284 |    7297 |  16.0 |      33 |       5 |  13.2
      Zot:2 |   17498 |   36836 |  67.8 |      16 |      34 |  68.0
      Zot:3 |   28484 |   44537 |  61.0 |      23 |      37 |  61.7
      Zot:4 |   36783 |   26299 |  41.7 |      32 |      16 |  33.3
      Zot:5 |   20758 |  102609 |  83.2 |      19 |      41 |  68.3
    Abyss:5 |   25746 |       0 |   0.0 |      43 |       0 |   0.0
      Zig:1 |    1679 |       0 |   0.0 |       2 |       0 |   0.0
      Zig:2 |    1703 |       0 |   0.0 |       3 |       0 |   0.0
      Zig:3 |    3398 |       0 |   0.0 |       3 |       0 |   0.0
      Zig:4 |    5402 |       0 |   0.0 |       6 |       0 |   0.0
      Zig:5 |    5911 |       0 |   0.0 |       6 |       0 |   0.0
      Zig:6 |    6186 |    2195 |  26.2 |       6 |       4 |  40.0
     Bailey |       0 |    2316 | 100.0 |       0 |      25 | 100.0
      IceCv |       0 |   14986 | 100.0 |       0 |      49 | 100.0
      Arena |       0 |    2025 | 100.0 |       0 |       2 | 100.0
            +---------+---------+-------+---------+---------+-------

Illustrated notes

Table legend:
 A = Kills in this place as a percentage of kills in entire the game.
 B = Kills by you in this place as a percentage of kills by you in the entire game.
 C = Kills by friends in this place as a percentage of kills by friends in the entire game.
 D = Other kills in this place as a percentage of other kills in the entire game.
 E = Experience gained in this place as a percentage of experience gained in the entire game.
 F = Experience gained in this place divided by the number of levels of this place that you have seen.
                   A       B       C       D       E      F
               +-------+-------+-------+-------+-------+----------------------
         Total | 100.0 | 100.0 | 100.0 | 100.0 | 100.0 | 24058.9
       Dungeon |  17.9 |  17.9 |   0.0 |  14.3 |   5.8 | 5603.3
          Lair |   7.8 |   7.8 |   0.0 |   0.0 |   3.0 | 8743.4
        Shoals |   6.3 |   6.3 |   0.0 |  14.3 |   5.6 | 20170.5
   Spider Nest |  10.7 |  10.7 |   0.0 |   0.0 |   7.4 | 26570.2
  Orcish Mines |   4.1 |   4.1 |   0.0 |   0.0 |   1.2 | 8728.0
   Elven Halls |   6.8 |   6.8 |   0.0 |  14.3 |   7.5 | 36058.0
        Vaults |  16.0 |  16.0 | 100.0 |  14.3 |  21.6 | 62229.4
        Depths |  10.7 |  10.7 |   0.0 |   0.0 |  15.9 | 57417.2
          Hell |   2.1 |   2.1 |   0.0 |  28.6 |   2.0 | 29017.0
           Zot |  11.1 |  11.1 |   0.0 |  14.3 |  25.1 | 72359.4
         Abyss |   1.8 |   1.8 |   0.0 |   0.0 |   1.8 | 25746.0
      Ziggurat |   1.3 |   1.3 |   0.0 |   0.0 |   1.8 | 4412.3
        Bailey |   1.1 |   1.1 |   0.0 |   0.0 |   0.2 | 2316.0
      Ice Cave |   2.1 |   2.1 |   0.0 |   0.0 |   1.0 | 14986.0
         Arena |   0.1 |   0.1 |   0.0 |   0.0 |   0.1 | 1012.5
               +-------+-------+-------+-------+-------+----------------------

Table legend: (Time is in decaauts)
 A = Elapsed time spent in this place.
 B = Non-inter-level travel time spent in this place.
 C = Inter-level travel time spent in this place.
 D = Time resting spent in this place.
 E = Time spent auto-exploring this place.
 F = Levels seen in this place.
 G = Mean time per level.
                   A        B        C        D        E       F      G
               +--------+--------+--------+--------+--------+-----+--------+
         Total |  68468 |  61793 |   6675 |  12173 |  35894 |  60 | 1141.1 |
       Dungeon |  20791 |  18099 |   2692 |   3505 |  11815 |  15 | 1386.1 |
          Lair |   7527 |   6621 |    906 |   1373 |   4117 |   5 | 1505.4 |
        Shoals |   3569 |   3369 |    200 |      3 |   2587 |   4 |  892.2 |
   Spider Nest |   4598 |   4147 |    451 |    596 |   2212 |   4 | 1149.5 |
  Orcish Mines |   2229 |   1790 |    439 |    292 |   1161 |   2 | 1114.5 |
   Elven Halls |   4820 |   4532 |    288 |    938 |   2560 |   3 | 1606.7 |
        Vaults |   7393 |   6938 |    455 |   1168 |   4019 |   5 | 1478.6 |
        Depths |   8790 |   8018 |    772 |   2769 |   3313 |   4 | 2197.5 |
          Hell |    104 |    104 |      0 |      0 |      0 |   1 |  104.0 |
           Zot |   5717 |   5250 |    467 |    517 |   3077 |   5 | 1143.4 |
         Abyss |    246 |    246 |      0 |      0 |     24 |   1 |  246.0 |
      Ziggurat |    835 |    835 |      0 |    547 |     21 |   6 |  139.2 |
         Trove |     46 |     46 |      0 |      0 |      0 |   1 |   46.0 |
        Bailey |    579 |    579 |      0 |     76 |    389 |   1 |  579.0 |
      Ice Cave |   1175 |   1175 |      0 |    356 |    599 |   1 | 1175.0 |
         Arena |     42 |     42 |      0 |     29 |      0 |   2 |   21.0 |
               +--------+--------+--------+--------+--------+-----+--------+

Top non-repeatable levels by time:
Depths:4: 2729 daAuts
Depths:2: 2432 daAuts
Depths:3: 2079 daAuts
    D:15: 2047 daAuts
     D:5: 1891 daAuts
   Elf:1: 1825 daAuts
  Lair:5: 1733 daAuts
   Elf:3: 1719 daAuts
  Lair:3: 1675 daAuts
     D:7: 1638 daAuts
Vaults:2: 1630 daAuts
Spider:2: 1622 daAuts
     D:4: 1554 daAuts
Depths:1: 1549 daAuts
    D:12: 1549 daAuts
